Workbook
Name _Fill: #REF!
Name _Key1: #REF!
Name _Key2: #REF!
Name _Order1: 255
Name _Order2: 255
Name _Sort: #REF!
Name ACRE: #REF!
Name ademir: {#N/A,#N/A,FALSE,"Cronograma";#N/A,#N/A,FALSE,"Cronogr. 2"}
Name bosta: {#N/A,#N/A,FALSE,"Cronograma";#N/A,#N/A,FALSE,"Cronogr. 2"}
Name CA´L: {#N/A,#N/A,FALSE,"Cronograma";#N/A,#N/A,FALSE,"Cronogr. 2"}
Name concorrentes: {#N/A,#N/A,FALSE,"Cronograma";#N/A,#N/A,FALSE,"Cronogr. 2"}
Name JR: #REF!
Name JR_PAGE_ANCHOR_0_1: 'COMPOSIÇÕES PRÓPRIAS'!$A$3
Name JR_PAGE_ANCHOR_0_1: #REF!
Name Popular: {#N/A,#N/A,FALSE,"Cronograma";#N/A,#N/A,FALSE,"Cronogr. 2"}
Name rio: {#N/A,#N/A,FALSE,"Cronograma";#N/A,#N/A,FALSE,"Cronogr. 2"}
Name SINAPI_AC: #REF!
Name ss: {#N/A,#N/A,FALSE,"Cronograma";#N/A,#N/A,FALSE,"Cronogr. 2"}
Name wrn.Cronograma.: {#N/A,#N/A,FALSE,"Cronograma";#N/A,#N/A,FALSE,"Cronogr. 2"}
Name wrn.GERAL.: {#N/A,#N/A,FALSE,"ET-CAPA";#N/A,#N/A,FALSE,"ET-PAG1";#N/A,#N/A,FALSE,"ET-PAG2";#N/A,#N/A,FALSE,"ET-PAG3";#N/A,#N/A,FALSE,"ET-PAG4";#N/A,#N/A,FALSE,"ET-PAG5"}

Sheet Planilha
C1: PREFEITURA MUNICIPAL DE VARGEM ALTA | M1: Observação | N1: N° Frente de Obra | O1: Frente de Obra | P1: Qtd. | Q1: Valor
C2: ESTADO DO ESPÍRITO SANTO
A3: OBRA: | C3: Construção de Creche modelo FNDE Tipo 1 - BIM - opção 110V | K3: BDI: | L3: 0.2664
A4: LOCAL: | C4: Vila Esperança, Vargem Alta - ES | G4: FONTE
A5: PLANILHA ORÇAMENTÁRIA | G5: SINAPI | K5: 45627 | L5: COM DESONERAÇÃO
G6: SP OBRAS | K6: 193 | L6: COM DESONERAÇÃO
G7: PRÓPRIA | K7: PRÓPRIA
C9: REFERÊNCIA | E9: DESCRIÇÃO | F9: QUANT | G9: UN | I9: VALOR S/ BDI | K9: VALOR C/ BDI | L9: VALOR TOTAL
A10: Macrosserviço | B10: 1 | E10: SERVIÇOS PRELIMINARES | L10: =ROUND(L11,2)+ROUND(L12,2)+ROUND(L13,2)+ROUND(L14,2)+ROUND(L15,2)+ROUND(L16,2)+ROUND(L17,2)+ROUND(L18,2)+ROUND(L19,2) -> 0
A11: Serviço | B11: 1.1 | C11: SINAPI | D11: 103689 | E11: FORNECIMENTO E INSTALAÇÃO DE PLACA DE OBRA COM CHAPA GALVANIZADA E ESTRUTURA DE MADEIRA. AF_03/2022_PS | F11: 6.48 | G11: M2 | H11: 459.4 | J11: 0.2664 | K11: =ROUND(I11,2)+(ROUND(I11,2)*J11) -> 0 | L11: =ROUND(Q11,2) -> 0 | N11: 1 | O11: CONSTRUÇÃO DA CRECHE TIPO I | P11: =F11 -> 6.48 | Q11: =ROUND(K11,2)*P11 -> 0
A12: Serviço | B12: 1.2 | C12: SINAPI | D12: 98459 | E12: TAPUME COM TELHA METÁLICA. AF_03/2024 | F12: =P12 -> 501.6 | G12: M2 | H12: 88.79 | J12: 0.2664 | K12: =ROUND(I12,2)+(ROUND(I12,2)*J12) -> 0 | L12: =ROUND(Q12,2) -> 0 | N12: 1 | O12: CONSTRUÇÃO DA CRECHE TIPO I | P12: 501.6 | Q12: =ROUND(K12,2)*P12 -> 0
A13: Serviço | B13: 1.3 | C13: SINAPI | D13: 101509 | E13: ENTRADA DE ENERGIA ELÉTRICA, AÉREA, TRIFÁSICA, COM CAIXA DE EMBUTIR, CABO DE 10 MM2 E DISJUNTOR DIN 50A (NÃO INCLUSO O POSTE DE CONCRETO). AF_07/2020 | F13: =P13 -> 1 | G13: UN | H13: 1938.17 | J13: 0.2664 | K13: =ROUND(I13,2)+(ROUND(I13,2)*J13) -> 0 | L13: =ROUND(Q13,2) -> 0 | N13: 1 | O13: CONSTRUÇÃO DA CRECHE TIPO I | P13: 1 | Q13: =ROUND(K13,2)*P13 -> 0
A14: Serviço | B14: 1.4 | C14: Composição | D14: 1 | E14: LIGAÇÃO PROVISÓRIA DE ÁGUA E ESGOTO | F14: =P14 -> 1 | G14: UN | H14: 3418.91 | J14: 0.2664 | K14: =ROUND(I14,2)+(ROUND(I14,2)*J14) -> 0 | L14: =ROUND(Q14,2) -> 0 | N14: 1 | O14: CONSTRUÇÃO DA CRECHE TIPO I | P14: 1 | Q14: =ROUND(K14,2)*P14 -> 0
A15: Serviço | B15: 1.5 | C15: SINAPI | D15: 99059 | E15: LOCAÇÃO CONVENCIONAL DE OBRA, UTILIZANDO GABARITO DE TÁBUAS CORRIDAS PONTALETADAS A CADA 2,00M - 2 UTILIZAÇÕES. AF_03/2024 | F15: =P15 -> 254 | G15: M | H15: 65.91 | J15: 0.2664 | K15: =ROUND(I15,2)+(ROUND(I15,2)*J15) -> 0 | L15: =ROUND(Q15,2) -> 0 | N15: 1 | O15: CONSTRUÇÃO DA CRECHE TIPO I | P15: 254 | Q15: =ROUND(K15,2)*P15 -> 0
A16: Serviço | B16: 1.6 | C16: Composição | D16: 2 | E16: ADMINISTRAÇÃO LOCAL TIPO 1 | F16: =P16 -> 1 | G16: UN | H16: 320064 | J16: 0.2664 | K16: =ROUND(I16,2)+(ROUND(I16,2)*J16) -> 0 | L16: =ROUND(Q16,2) -> 0 | N16: 1 | O16: CONSTRUÇÃO DA CRECHE TIPO I | P16: 1 | Q16: =ROUND(K16,2)*P16 -> 0
A17: Serviço | B17: 1.7 | C17: Composição | D17: 3 | E17: LOCACAO DE CONTAINER 2,30 X 6,00 M, ALT. 2,50 M, COM 1 SANITARIO, PARA ESCRITORIO, COMPLETO, SEM DIVISORIAS INTERNAS (NAO INCLUI MOBILIZACAO/DESMOBILIZACAO) | F17: =P17 -> 10 | G17: MÊS | H17: 1185 | J17: 0.2664 | K17: =ROUND(I17,2)+(ROUND(I17,2)*J17) -> 0 | L17: =ROUND(Q17,2) -> 0 | N17: 1 | O17: CONSTRUÇÃO DA CRECHE TIPO I | P17: 10 | Q17: =ROUND(K17,2)*P17 -> 0
A18: Serviço | B18: 1.8 | C18: Composição | D18: 4 | E18: LOCACAO DE CONTAINER 2,30 X 6,00 M, ALT. 2,50 M, PARA ESCRITORIO, SEM DIVISORIAS INTERNAS E SEM SANITARIO (NAO INCLUI MOBILIZACAO/DESMOBILIZACAO) | F18: =P18 -> 10 | G18: MÊS | H18: 952.78 | J18: 0.2664 | K18: =ROUND(I18,2)+(ROUND(I18,2)*J18) -> 0 | L18: =ROUND(Q18,2) -> 0 | N18: 1 | O18: CONSTRUÇÃO DA CRECHE TIPO I | P18: 10 | Q18: =ROUND(K18,2)*P18 -> 0
A19: Serviço | B19: 1.9 | C19: Composição | D19: 5 | E19: LOCACAO DE CONTAINER 2,30 X 6,00 M, ALT. 2,50 M, PARA SANITARIO, COM 4 BACIAS, 8 CHUVEIROS,1 LAVATORIO E 1 MICTORIO (NAO INCLUI MOBILIZACAO/DESMOBILIZACAO) | F19: =P19 -> 10 | G19: MÊS | H19: 1481.25 | J19: 0.2664 | K19: =ROUND(I19,2)+(ROUND(I19,2)*J19) -> 0 | L19: =ROUND(Q19,2) -> 0 | N19: 1 | O19: CONSTRUÇÃO DA CRECHE TIPO I | P19: 10 | Q19: =ROUND(K19,2)*P19 -> 0
A20: Macrosserviço | B20: 2 | E20: MOVIMENTAÇÃO DE TERRA | J20: 0.2664 | L20: =ROUND(L21,2)+ROUND(L22,2)+ROUND(L23,2)+ROUND(L24,2)+ROUND(L25,2)+ROUND(L26,2)+ROUND(L27,2) -> 0
A21: Serviço | B21: 2.1 | C21: SINAPI | D21: 98525 | E21: LIMPEZA MECANIZADA DE CAMADA VEGETAL, VEGETAÇÃO E PEQUENAS ÁRVORES (DIÂMETRO DE TRONCO MENOR QUE 0,20 M), COM TRATOR DE ESTEIRAS. AF_03/2024 | F21: =P21 -> 2925 | G21: M2 | H21: 0.68 | J21: 0.2664 | K21: =ROUND(I21,2)+(ROUND(I21,2)*J21) -> 0 | L21: =ROUND(Q21,2) -> 0 | N21: 1 | O21: CONSTRUÇÃO DA CRECHE TIPO I | P21: 2925 | Q21: =ROUND(K21,2)*P21 -> 0
A22: Serviço | B22: 2.2 | C22: SINAPI | D22: 94306 | E22: ATERRO MECANIZADO DE VALA COM ESCAVADEIRA HIDRÁULICA (CAPACIDADE DA CAÇAMBA: 0,8 M³ / POTÊNCIA: 111 HP), LARGURA ATÉ 2,5 M, PROFUNDIDADE DE 1,5 A 3,0 M, COM SOLO ARGILO-ARENOSO. AF_08/2023 | F22: =P22 -> 585 | G22: M3 | H22: 69.52 | J22: 0.2664 | K22: =ROUND(I22,2)+(ROUND(I22,2)*J22) -> 0 | L22: =ROUND(Q22,2) -> 0 | N22: 1 | O22: CONSTRUÇÃO DA CRECHE TIPO I | P22: 585 | Q22: =ROUND(K22,2)*P22 -> 0
A23: Serviço | B23: 2.3 | C23: SINAPI | D23: 96521 | E23: ESCAVAÇÃO MECANIZADA PARA BLOCO DE COROAMENTO OU SAPATA COM RETROESCAVADEIRA (INCLUINDO ESCAVAÇÃO PARA COLOCAÇÃO DE FÔRMAS). AF_01/2024 | F23: =P23 -> 141.03 | G23: M3 | H23: 42.76 | J23: 0.2664 | K23: =ROUND(I23,2)+(ROUND(I23,2)*J23) -> 0 | L23: =ROUND(Q23,2) -> 0 | N23: 1 | O23: CONSTRUÇÃO DA CRECHE TIPO I | P23: 141.03 | Q23: =ROUND(K23,2)*P23 -> 0
A24: Serviço | B24: 2.4 | C24: SINAPI | D24: 96525 | E24: ESCAVAÇÃO MECANIZADA PARA VIGA BALDRAME OU SAPATA CORRIDA COM MINI-ESCAVADEIRA (INCLUINDO ESCAVAÇÃO PARA COLOCAÇÃO DE FÔRMAS). AF_01/2024 | F24: =P24 -> 41.4 | G24: M3 | H24: 56.43 | J24: 0.2664 | K24: =ROUND(I24,2)+(ROUND(I24,2)*J24) -> 0 | L24: =ROUND(Q24,2) -> 0 | N24: 1 | O24: CONSTRUÇÃO DA CRECHE TIPO I | P24: 41.4 | Q24: =ROUND(K24,2)*P24 -> 0
A25: Serviço | B25: 2.5 | C25: SINAPI | D25: 101617 | E25: PREPARO DE FUNDO DE VALA COM LARGURA MAIOR OU IGUAL A 1,5 M E MENOR QUE 2,5 M (ACERTO DO SOLO NATURAL). AF_08/2020 | F25: =P25 -> 47.9 | G25: M2 | H25: 3.18 | J25: 0.2664 | K25: =ROUND(I25,2)+(ROUND(I25,2)*J25) -> 0 | L25: =ROUND(Q25,2) -> 0 | N25: 1 | O25: CONSTRUÇÃO DA CRECHE TIPO I | P25: 47.9 | Q25: =ROUND(K25,2)*P25 -> 0
A26: Serviço | B26: 2.6 | C26: SINAPI | D26: 93381 | E26: REATERRO MECANIZADO DE VALA COM RETROESCAVADEIRA (CAPACIDADE DA CAÇAMBA DA RETRO: 0,26 M³/POTÊNCIA: 88 HP), LARGURA 0,8 A 1,5 M, PROFUNDIDADE 1,5 A 3,0 M, COM SOLO (SEM SUBSTITUIÇÃO) DE 1ª CATEGORIA E COMPACTADOR DE SOLOS DE PERCUSSÃO. AF_08/2023 | F26: =P26 -> 105.23 | G26: M3 | H26: 13.54 | J26: 0.2664 | K26: =ROUND(I26,2)+(ROUND(I26,2)*J26) -> 0 | L26: =ROUND(Q26,2) -> 0 | N26: 1 | O26: CONSTRUÇÃO DA CRECHE TIPO I | P26: 105.23 | Q26: =ROUND(K26,2)*P26 -> 0
A27: Serviço | B27: 2.7 | C27: SINAPI | D27: 94316 | E27: ATERRO MECANIZADO DE VALA COM RETROESCAVADEIRA (CAPACIDADE DA CAÇAMBA DA RETRO: 0,26 M³ / POTÊNCIA: 88 HP), LARGURA ATÉ 1,5 M, PROFUNDIDADE ATÉ 1,5 M, COM SOLO ARGILO-ARENOSO. AF_08/2023 | F27: =P27 -> 247.36 | G27: M3 | H27: 71.44 | J27: 0.2664 | K27: =ROUND(I27,2)+(ROUND(I27,2)*J27) -> 0 | L27: =ROUND(Q27,2) -> 0 | N27: 1 | O27: CONSTRUÇÃO DA CRECHE TIPO I | P27: 247.36 | Q27: =ROUND(K27,2)*P27 -> 0
A28: Macrosserviço | B28: 3 | E28: CONCRETO ARMADO PARA SAPATAS | J28: 0.2664 | L28: =ROUND(L29,2)+ROUND(L30,2)+ROUND(L31,2)+ROUND(L32,2)+ROUND(L33,2)+ROUND(L34,2) -> 0
A29: Serviço | B29: 3.1 | C29: SINAPI | D29: 96619 | E29: LASTRO DE CONCRETO MAGRO, APLICADO EM BLOCOS DE COROAMENTO OU SAPATAS, ESPESSURA DE 5 CM. AF_01/2024 | F29: =P29 -> 94.02 | G29: M2 | H29: 38.27 | J29: 0.2664 | K29: =ROUND(I29,2)+(ROUND(I29,2)*J29) -> 0 | L29: =ROUND(Q29,2) -> 0 | N29: 1 | O29: CONSTRUÇÃO DA CRECHE TIPO I | P29: 94.02 | Q29: =ROUND(K29,2)*P29 -> 0
A30: Serviço | B30: 3.2 | C30: SINAPI | D30: 96558 | E30: ='MEMÓRIA DE CÁLCULO'!C34 -> CONCRETAGEM DE SAPATA, FCK 30 MPA, COM USO DE BOMBA - LANÇAMENTO, ADENSAMENTO E ACABAMENTO. AF_01/2024 | F30: ='MEMÓRIA DE CÁLCULO'!F34 -> 32.55 | G30: M3 | H30: 878.58 | J30: 0.2664 | K30: =ROUND(I30,2)+(ROUND(I30,2)*J30) -> 0 | L30: =ROUND(Q30,2) -> 0 | N30: 1 | O30: CONSTRUÇÃO DA CRECHE TIPO I | P30: =F30 -> 32.55 | Q30: =ROUND(K30,2)*P30 -> 0
A31: Serviço | B31: 3.3 | C31: SINAPI | D31: 96534 | E31: ='MEMÓRIA DE CÁLCULO'!C35 -> FABRICAÇÃO, MONTAGEM E DESMONTAGEM DE FÔRMA PARA BLOCO DE COROAMENTO, EM MADEIRA SERRADA, E=25 MM, 4 UTILIZAÇÕES. AF_01/2024 | F31: ='MEMÓRIA DE CÁLCULO'!F35 -> 333.06 | G31: M2 | H31: 79.16 | J31: 0.2664 | K31: =ROUND(I31,2)+(ROUND(I31,2)*J31) -> 0 | L31: =ROUND(Q31,2) -> 0 | N31: 1 | O31: CONSTRUÇÃO DA CRECHE TIPO I | P31: =F31 -> 333.06 | Q31: =ROUND(K31,2)*P31 -> 0
A32: Serviço | B32: 3.4 | C32: SINAPI | D32: 104919 | E32: ='MEMÓRIA DE CÁLCULO'!C36 -> ARMAÇÃO DE SAPATA ISOLADA, VIGA BALDRAME E SAPATA CORRIDA UTILIZANDO AÇO CA-50 DE 10 MM - MONTAGEM. AF_01/2024 | F32: ='MEMÓRIA DE CÁLCULO'!F36 -> 887.28 | G32: KG | H32: 14.98 | J32: 0.2664 | K32: =ROUND(I32,2)+(ROUND(I32,2)*J32) -> 0 | L32: =ROUND(Q32,2) -> 0 | N32: 1 | O32: CONSTRUÇÃO DA CRECHE TIPO I | P32: =F32 -> 887.28 | Q32: =ROUND(K32,2)*P32 -> 0
A33: Serviço | B33: 3.5 | C33: SINAPI | D33: 104917 | E33: ='MEMÓRIA DE CÁLCULO'!C37 -> ARMAÇÃO DE SAPATA ISOLADA, VIGA BALDRAME E SAPATA CORRIDA UTILIZANDO AÇO CA-50 DE 6,3 MM - MONTAGEM. AF_01/2024 | F33: ='MEMÓRIA DE CÁLCULO'!F37 -> 977.55 | G33: KG | H33: 17.75 | J33: 0.2664 | K33: =ROUND(I33,2)+(ROUND(I33,2)*J33) -> 0 | L33: =ROUND(Q33,2) -> 0 | N33: 1 | O33: CONSTRUÇÃO DA CRECHE TIPO I | P33: =F33 -> 977.55 | Q33: =ROUND(K33,2)*P33 -> 0
A34: Serviço | B34: 3.6 | C34: SINAPI | D34: 104920 | E34: ='MEMÓRIA DE CÁLCULO'!C38 -> ARMAÇÃO DE BLOCO, SAPATA ISOLADA, VIGA BALDRAME E SAPATA CORRIDA UTILIZANDO AÇO CA-50 DE 12,5 MM - MONTAGEM. AF_01/2024 | F34: ='MEMÓRIA DE CÁLCULO'!F38 -> 40.28 | G34: KG | H34: 12.76 | J34: 0.2664 | K34: =ROUND(I34,2)+(ROUND(I34,2)*J34) -> 0 | L34: =ROUND(Q34,2) -> 0 | N34: 1 | O34: CONSTRUÇÃO DA CRECHE TIPO I | P34: =F34 -> 40.28 | Q34: =ROUND(K34,2)*P34 -> 0
A35: Macrosserviço | B35: 4 | E35: CONCRETO ARMADO - PILARES | J35: 0.2664 | L35: =ROUND(L36,2)+ROUND(L37,2)+ROUND(L38,2)+ROUND(L39,2)+ROUND(L40,2) -> 0
A36: Serviço | B36: 4.1 | C36: SINAPI | D36: 92443 | E36: MONTAGEM E DESMONTAGEM DE FÔRMA DE PILARES RETANGULARES E ESTRUTURAS SIMILARES, PÉ-DIREITO SIMPLES, EM CHAPA DE MADEIRA COMPENSADA PLASTIFICADA, 18 UTILIZAÇÕES. AF_09/2020 | F36: =P36 -> 605.94 | G36: M2 | H36: 54.42 | J36: 0.2664 | K36: =ROUND(I36,2)+(ROUND(I36,2)*J36) -> 0 | L36: =ROUND(Q36,2) -> 0 | N36: 1 | O36: CONSTRUÇÃO DA CRECHE TIPO I | P36: 605.94 | Q36: =ROUND(K36,2)*P36 -> 0
A37: Serviço | B37: 4.2 | C37: SINAPI | D37: 92762 | E37: ARMAÇÃO DE PILAR OU VIGA DE ESTRUTURA CONVENCIONAL DE CONCRETO ARMADO UTILIZANDO AÇO CA-50 DE 10,0 MM - MONTAGEM. AF_06/2022 | F37: =P37 -> 1560.82 | G37: KG | H37: 13.27 | J37: 0.2664 | K37: =ROUND(I37,2)+(ROUND(I37,2)*J37) -> 0 | L37: =ROUND(Q37,2) -> 0 | N37: 1 | O37: CONSTRUÇÃO DA CRECHE TIPO I | P37: 1560.82 | Q37: =ROUND(K37,2)*P37 -> 0
A38: Serviço | B38: 4.3 | C38: SINAPI | D38: 92763 | E38: ARMAÇÃO DE PILAR OU VIGA DE ESTRUTURA CONVENCIONAL DE CONCRETO ARMADO UTILIZANDO AÇO CA-50 DE 12,5 MM - MONTAGEM. AF_06/2022 | F38: =P38 -> 46.94 | G38: KG | H38: 11.2 | J38: 0.2664 | K38: =ROUND(I38,2)+(ROUND(I38,2)*J38) -> 0 | L38: =ROUND(Q38,2) -> 0 | N38: 1 | O38: CONSTRUÇÃO DA CRECHE TIPO I | P38: 46.94 | Q38: =ROUND(K38,2)*P38 -> 0
A39: Serviço | B39: 4.4 | C39: SINAPI | D39: 92759 | E39: ARMAÇÃO DE PILAR OU VIGA DE ESTRUTURA CONVENCIONAL DE CONCRETO ARMADO UTILIZANDO AÇO CA-60 DE 5,0 MM - MONTAGEM. AF_06/2022 | F39: =P39 -> 880.4 | G39: KG | H39: 16.15 | J39: 0.2664 | K39: =ROUND(I39,2)+(ROUND(I39,2)*J39) -> 0 | L39: =ROUND(Q39,2) -> 0 | N39: 1 | O39: CONSTRUÇÃO DA CRECHE TIPO I | P39: 880.4 | Q39: =ROUND(K39,2)*P39 -> 0
A40: Serviço | B40: 4.5 | C40: SINAPI | D40: 103672 | E40: CONCRETAGEM DE PILARES, FCK = 25 MPA, COM USO DE BOMBA - LANÇAMENTO, ADENSAMENTO E ACABAMENTO. AF_02/2022_PS | F40: =P40 -> 29.76 | G40: M3 | H40: 757.9 | J40: 0.2664 | K40: =ROUND(I40,2)+(ROUND(I40,2)*J40) -> 0 | L40: =ROUND(Q40,2) -> 0 | N40: 1 | O40: CONSTRUÇÃO DA CRECHE TIPO I | P40: 29.76 | Q40: =ROUND(K40,2)*P40 -> 0
A41: Macrosserviço | B41: 5 | E41: CONCRETO ARMADO - VIGAS INCLUINDO BALDRAME | J41: 0.2664 | L41: =ROUND(L42,2)+ROUND(L43,2)+ROUND(L44,2)+ROUND(L45,2)+ROUND(L46,2)+ROUND(L47,2)+ROUND(L48,2)+ROUND(L49,2)+ROUND(L50,2)+ROUND(L51,2) -> 0
A42: Serviço | B42: 5.1 | C42: SINAPI | D42: 96619 | E42: LASTRO DE CONCRETO MAGRO, APLICADO EM BLOCOS DE COROAMENTO OU SAPATAS, ESPESSURA DE 5 CM. AF_01/2024 | F42: =P42 -> 191 | G42: M2 | H42: 38.27 | J42: 0.2664 | K42: =ROUND(I42,2)+(ROUND(I42,2)*J42) -> 0 | L42: =ROUND(Q42,2) -> 0 | N42: 1 | O42: CONSTRUÇÃO DA CRECHE TIPO I | P42: 191 | Q42: =ROUND(K42,2)*P42 -> 0
A43: Serviço | B43: 5.2 | C43: SINAPI | D43: 92443 | E43: MONTAGEM E DESMONTAGEM DE FÔRMA DE PILARES RETANGULARES E ESTRUTURAS SIMILARES, PÉ-DIREITO SIMPLES, EM CHAPA DE MADEIRA COMPENSADA PLASTIFICADA, 18 UTILIZAÇÕES. AF_09/2020 | F43: =P43 -> 1673.1 | G43: M2 | H43: 54.42 | J43: 0.2664 | K43: =ROUND(I43,2)+(ROUND(I43,2)*J43) -> 0 | L43: =ROUND(Q43,2) -> 0 | N43: 1 | O43: CONSTRUÇÃO DA CRECHE TIPO I | P43: 1673.1 | Q43: =ROUND(K43,2)*P43 -> 0
A44: Serviço | B44: 5.3 | C44: SINAPI | D44: 92760 | E44: ARMAÇÃO DE PILAR OU VIGA DE ESTRUTURA CONVENCIONAL DE CONCRETO ARMADO UTILIZANDO AÇO CA-50 DE 6,3 MM - MONTAGEM. AF_06/2022 | F44: =P44 -> 23.7 | G44: KG | H44: 15.49 | J44: 0.2664 | K44: =ROUND(I44,2)+(ROUND(I44,2)*J44) -> 0 | L44: =ROUND(Q44,2) -> 0 | N44: 1 | O44: CONSTRUÇÃO DA CRECHE TIPO I | P44: 23.7 | Q44: =ROUND(K44,2)*P44 -> 0
A45: Serviço | B45: 5.4 | C45: SINAPI | D45: 92761 | E45: ARMAÇÃO DE PILAR OU VIGA DE ESTRUTURA CONVENCIONAL DE CONCRETO ARMADO UTILIZANDO AÇO CA-50 DE 8,0 MM - MONTAGEM. AF_06/2022 | F45: =P45 -> 2752.7 | G45: KG | H45: 14.75 | J45: 0.2664 | K45: =ROUND(I45,2)+(ROUND(I45,2)*J45) -> 0 | L45: =ROUND(Q45,2) -> 0 | N45: 1 | O45: CONSTRUÇÃO DA CRECHE TIPO I | P45: 2752.7 | Q45: =ROUND(K45,2)*P45 -> 0
A46: Serviço | B46: 5.5 | C46: SINAPI | D46: 92762 | E46: ARMAÇÃO DE PILAR OU VIGA DE ESTRUTURA CONVENCIONAL DE CONCRETO ARMADO UTILIZANDO AÇO CA-50 DE 10,0 MM - MONTAGEM. AF_06/2022 | F46: =P46 -> 573.7 | G46: KG | H46: 13.27 | J46: 0.2664 | K46: =ROUND(I46,2)+(ROUND(I46,2)*J46) -> 0 | L46: =ROUND(Q46,2) -> 0 | N46: 1 | O46: CONSTRUÇÃO DA CRECHE TIPO I | P46: 573.7 | Q46: =ROUND(K46,2)*P46 -> 0
A47: Serviço | B47: 5.6 | C47: SINAPI | D47: 92763 | E47: ARMAÇÃO DE PILAR OU VIGA DE ESTRUTURA CONVENCIONAL DE CONCRETO ARMADO UTILIZANDO AÇO CA-50 DE 12,5 MM - MONTAGEM. AF_06/2022 | F47: =P47 -> 876.4 | G47: KG | H47: 11.2 | J47: 0.2664 | K47: =ROUND(I47,2)+(ROUND(I47,2)*J47) -> 0 | L47: =ROUND(Q47,2) -> 0 | N47: 1 | O47: CONSTRUÇÃO DA CRECHE TIPO I | P47: 876.4 | Q47: =ROUND(K47,2)*P47 -> 0
A48: Serviço | B48: 5.7 | C48: SINAPI | D48: 92764 | E48: ARMAÇÃO DE PILAR OU VIGA DE ESTRUTURA CONVENCIONAL DE CONCRETO ARMADO UTILIZANDO AÇO CA-50 DE 16,0 MM - MONTAGEM. AF_06/2022 | F48: =P48 -> 385.1 | G48: KG | H48: 10.91 | J48: 0.2664 | K48: =ROUND(I48,2)+(ROUND(I48,2)*J48) -> 0 | L48: =ROUND(Q48,2) -> 0 | N48: 1 | O48: CONSTRUÇÃO DA CRECHE TIPO I | P48: 385.1 | Q48: =ROUND(K48,2)*P48 -> 0
A49: Serviço | B49: 5.8 | C49: SINAPI | D49: 92765 | E49: ARMAÇÃO DE PILAR OU VIGA DE ESTRUTURA CONVENCIONAL DE CONCRETO ARMADO UTILIZANDO AÇO CA-50 DE 20,0 MM - MONTAGEM. AF_06/2022 | F49: =P49 -> 122.6 | G49: KG | H49: 12.47 | J49: 0.2664 | K49: =ROUND(I49,2)+(ROUND(I49,2)*J49) -> 0 | L49: =ROUND(Q49,2) -> 0 | N49: 1 | O49: CONSTRUÇÃO DA CRECHE TIPO I | P49: 122.6 | Q49: =ROUND(K49,2)*P49 -> 0
A50: Serviço | B50: 5.9 | C50: SINAPI | D50: 92759 | E50: ARMAÇÃO DE PILAR OU VIGA DE ESTRUTURA CONVENCIONAL DE CONCRETO ARMADO UTILIZANDO AÇO CA-60 DE 5,0 MM - MONTAGEM. AF_06/2022 | F50: =P50 -> 1746.5 | G50: KG | H50: 16.15 | J50: 0.2664 | K50: =ROUND(I50,2)+(ROUND(I50,2)*J50) -> 0 | L50: =ROUND(Q50,2) -> 0 | N50: 1 | O50: CONSTRUÇÃO DA CRECHE TIPO I | P50: 1746.5 | Q50: =ROUND(K50,2)*P50 -> 0
A51: Serviço | B51: 5.10 | C51: SINAPI | D51: 103675 | E51: CONCRETAGEM DE VIGAS E LAJES, FCK=25 MPA, PARA LAJES MACIÇAS OU NERVURADAS COM USO DE BOMBA - LANÇAMENTO, ADENSAMENTO E ACABAMENTO. AF_02/2022_PS | F51: =P51 -> 108.4 | G51: M3 | H51: 758.64 | J51: 0.2664 | K51: =ROUND(I51,2)+(ROUND(I51,2)*J51) -> 0 | L51: =ROUND(Q51,2) -> 0 | N51: 1 | O51: CONSTRUÇÃO DA CRECHE TIPO I | P51: 108.4 | Q51: =ROUND(K51,2)*P51 -> 0
A52: Macrosserviço | B52: 6 | E52: CONCRETO ARMADO PARA VERGAS | J52: 0.2664 | L52: =ROUND(L53,2)+ROUND(L54,2)+ROUND(L55,2)+ROUND(L56,2)+ROUND(L57,2)+ROUND(L58,2) -> 0
A53: Serviço | B53: 6.1 | C53: SINAPI | D53: 93184 | E53: VERGA PRÉ-MOLDADA COM ATÉ 1,5 M DE VÃO, ESPESSURA DE *20* CM. AF_03/2024 | F53: =P53 -> 43.7 | G53: M | H53: 28.73 | J53: 0.2664 | K53: =ROUND(I53,2)+(ROUND(I53,2)*J53) -> 0 | L53: =ROUND(Q53,2) -> 0 | N53: 1 | O53: CONSTRUÇÃO DA CRECHE TIPO I | P53: 43.7 | Q53: =ROUND(K53,2)*P53 -> 0
A54: Serviço | B54: 6.2 | C54: SINAPI | D54: 93187 | E54: VERGA MOLDADA IN LOCO EM CONCRETO, ESPESSURA DE *20* CM. AF_03/2024 | F54: =P54 -> 8.9 | G54: M | H54: 76.39 | J54: 0.2664 | K54: =ROUND(I54,2)+(ROUND(I54,2)*J54) -> 0 | L54: =ROUND(Q54,2) -> 0 | N54: 1 | O54: CONSTRUÇÃO DA CRECHE TIPO I | P54: 8.9 | Q54: =ROUND(K54,2)*P54 -> 0
A55: Serviço | B55: 6.3 | C55: SINAPI | D55: 93187 | E55: VERGA MOLDADA IN LOCO EM CONCRETO, ESPESSURA DE *20* CM. AF_03/2024 | F55: =P55 -> 9.4 | G55: M | H55: 76.39 | J55: 0.2664 | K55: =ROUND(I55,2)+(ROUND(I55,2)*J55) -> 0 | L55: =ROUND(Q55,2) -> 0 | N55: 1 | O55: CONSTRUÇÃO DA CRECHE TIPO I | P55: 9.4 | Q55: =ROUND(K55,2)*P55 -> 0
A56: Serviço | B56: 6.4 | C56: SINAPI | D56: 93184 | E56: VERGA PRÉ-MOLDADA COM ATÉ 1,5 M DE VÃO, ESPESSURA DE *20* CM. AF_03/2024 | F56: =P56 -> 7 | G56: M | H56: 28.73 | J56: 0.2664 | K56: =ROUND(I56,2)+(ROUND(I56,2)*J56) -> 0 | L56: =ROUND(Q56,2) -> 0 | N56: 1 | O56: CONSTRUÇÃO DA CRECHE TIPO I | P56: 7 | Q56: =ROUND(K56,2)*P56 -> 0
A57: Serviço | B57: 6.5 | C57: SINAPI | D57: 93197 | E57: CONTRAVERGA MOLDADA IN LOCO EM CONCRETO, ESPESSURA DE *20* CM. AF_03/2024 | F57: =P57 -> 122.7 | G57: M | H57: 57.18 | J57: 0.2664 | K57: =ROUND(I57,2)+(ROUND(I57,2)*J57) -> 0 | L57: =ROUND(Q57,2) -> 0 | N57: 1 | O57: CONSTRUÇÃO DA CRECHE TIPO I | P57: 122.7 | Q57: =ROUND(K57,2)*P57 -> 0
A58: Serviço | B58: 6.6 | C58: SINAPI | D58: 93194 | E58: CONTRAVERGA PRÉ-MOLDADA, ESPESSURA DE *20* CM. AF_03/2024 | F58: =P58 -> 16.6 | G58: M | H58: 27.98 | J58: 0.2664 | K58: =ROUND(I58,2)+(ROUND(I58,2)*J58) -> 0 | L58: =ROUND(Q58,2) -> 0 | N58: 1 | O58: CONSTRUÇÃO DA CRECHE TIPO I | P58: 16.6 | Q58: =ROUND(K58,2)*P58 -> 0
A59: Macrosserviço | B59: 7 | E59: CONCRETO ARMADO - LAJE | J59: 0.2664 | L59: =ROUND(L60,2)+ROUND(L61,2)+ROUND(L62,2)+ROUND(L63,2)+ROUND(L64,2)+ROUND(L65,2)+ROUND(L66,2) -> 0
A60: Serviço | B60: 7.1 | C60: SINAPI | D60: 92514 | E60: MONTAGEM E DESMONTAGEM DE FÔRMA DE LAJE MACIÇA, PÉ-DIREITO SIMPLES, EM CHAPA DE MADEIRA COMPENSADA RESINADA, 4 UTILIZAÇÕES. AF_09/2020 | F60: =P60 -> 37.8 | G60: M2 | H60: 56.64 | J60: 0.2664 | K60: =ROUND(I60,2)+(ROUND(I60,2)*J60) -> 0 | L60: =ROUND(Q60,2) -> 0 | N60: 1 | O60: CONSTRUÇÃO DA CRECHE TIPO I | P60: 37.8 | Q60: =ROUND(K60,2)*P60 -> 0
A61: Serviço | B61: 7.2 | C61: SINAPI | D61: 92769 | E61: ARMAÇÃO DE LAJE DE ESTRUTURA CONVENCIONAL DE CONCRETO ARMADO UTILIZANDO AÇO CA-50 DE 6,3 MM - MONTAGEM. AF_06/2022 | F61: =P61 -> 13.8 | G61: KG | H61: 14.95 | J61: 0.2664 | K61: =ROUND(I61,2)+(ROUND(I61,2)*J61) -> 0 | L61: =ROUND(Q61,2) -> 0 | N61: 1 | O61: CONSTRUÇÃO DA CRECHE TIPO I | P61: 13.8 | Q61: =ROUND(K61,2)*P61 -> 0
A62: Serviço | B62: 7.3 | C62: SINAPI | D62: 92770 | E62: ARMAÇÃO DE LAJE DE ESTRUTURA CONVENCIONAL DE CONCRETO ARMADO UTILIZANDO AÇO CA-50 DE 8,0 MM - MONTAGEM. AF_06/2022 | F62: =P62 -> 49.3 | G62: KG | H62: 14.24 | J62: 0.2664 | K62: =ROUND(I62,2)+(ROUND(I62,2)*J62) -> 0 | L62: =ROUND(Q62,2) -> 0 | N62: 1 | O62: CONSTRUÇÃO DA CRECHE TIPO I | P62: 49.3 | Q62: =ROUND(K62,2)*P62 -> 0
A63: Serviço | B63: 7.4 | C63: SINAPI | D63: 92773 | E63: ARMAÇÃO DE LAJE DE ESTRUTURA CONVENCIONAL DE CONCRETO ARMADO UTILIZANDO AÇO CA-50 DE 16,0 MM - MONTAGEM. AF_06/2022 | F63: =P63 -> 453.1 | G63: KG | H63: 10.63 | J63: 0.2664 | K63: =ROUND(I63,2)+(ROUND(I63,2)*J63) -> 0 | L63: =ROUND(Q63,2) -> 0 | N63: 1 | O63: CONSTRUÇÃO DA CRECHE TIPO I | P63: 453.1 | Q63: =ROUND(K63,2)*P63 -> 0
A64: Serviço | B64: 7.5 | C64: SINAPI | D64: 92774 | E64: ARMAÇÃO DE LAJE DE ESTRUTURA CONVENCIONAL DE CONCRETO ARMADO UTILIZANDO AÇO CA-50 DE 20,0 MM - MONTAGEM. AF_06/2022 | F64: =P64 -> 3.5 | G64: KG | H64: 12.32 | J64: 0.2664 | K64: =ROUND(I64,2)+(ROUND(I64,2)*J64) -> 0 | L64: =ROUND(Q64,2) -> 0 | N64: 1 | O64: CONSTRUÇÃO DA CRECHE TIPO I | P64: 3.5 | Q64: =ROUND(K64,2)*P64 -> 0
A65: Serviço | B65: 7.6 | C65: SINAPI | D65: 92768 | E65: ARMAÇÃO DE LAJE DE ESTRUTURA CONVENCIONAL DE CONCRETO ARMADO UTILIZANDO AÇO CA-60 DE 5,0 MM - MONTAGEM. AF_06/2022 | F65: =P65 -> 0.2 | G65: KG | H65: 15.58 | J65: 0.2664 | K65: =ROUND(I65,2)+(ROUND(I65,2)*J65) -> 0 | L65: =ROUND(Q65,2) -> 0 | N65: 1 | O65: CONSTRUÇÃO DA CRECHE TIPO I | P65: 0.2 | Q65: =ROUND(K65,2)*P65 -> 0
A66: Serviço | B66: 7.7 | C66: SINAPI | D66: 103675 | E66: CONCRETAGEM DE VIGAS E LAJES, FCK=25 MPA, PARA LAJES MACIÇAS OU NERVURADAS COM USO DE BOMBA - LANÇAMENTO, ADENSAMENTO E ACABAMENTO. AF_02/2022_PS | F66: =P66 -> 7.1 | G66: M3 | H66: 758.64 | J66: 0.2664 | K66: =ROUND(I66,2)+(ROUND(I66,2)*J66) -> 0 | L66: =ROUND(Q66,2) -> 0 | N66: 1 | O66: CONSTRUÇÃO DA CRECHE TIPO I | P66: 7.1 | Q66: =ROUND(K66,2)*P66 -> 0
A67: Macrosserviço | B67: 8 | E67: ESTRUTURA METÁLICA | J67: 0.2664 | L67: =ROUND(L68,2) -> 0
A68: Serviço | B68: 8.1 | C68: SINAPI | D68: 100775 | E68: ESTRUTURA TRELIÇADA DE COBERTURA, TIPO FINK, COM LIGAÇÕES SOLDADAS, INCLUSOS PERFIS METÁLICOS, CHAPAS METÁLICAS, MÃO DE OBRA E TRANSPORTE COM GUINDASTE - FORNECIMENTO E INSTALAÇÃO. AF_01/2020_PSA | F68: =P68 -> 19006 | G68: KG | H68: 12.9 | J68: 0.2664 | K68: =ROUND(I68,2)+(ROUND(I68,2)*J68) -> 0 | L68: =ROUND(Q68,2) -> 0 | N68: 1 | O68: CONSTRUÇÃO DA CRECHE TIPO I | P68: 19006 | Q68: =ROUND(K68,2)*P68 -> 0
A69: Macrosserviço | B69: 9 | E69: PAVIMENTAÇÃO INTERNA DE PISO DE CONCRETO 8CM | J69: 0.2664 | L69: =ROUND(L70,2)+ROUND(L71,2)+ROUND(L72,2)+ROUND(L73,2) -> 0 | P69: =F69
A70: Serviço | B70: 9.1 | C70: SINAPI | D70: 97083 | E70: COMPACTAÇÃO MECÂNICA DE SOLO PARA EXECUÇÃO DE RADIER, PISO DE CONCRETO OU LAJE SOBRE SOLO, COM COMPACTADOR DE SOLOS A PERCUSSÃO. AF_09/2021 | F70: =P70 -> 1394.71 | G70: M2 | H70: 3.38 | J70: 0.2664 | K70: =ROUND(I70,2)+(ROUND(I70,2)*J70) -> 0 | L70: =ROUND(Q70,2) -> 0 | N70: 1 | O70: CONSTRUÇÃO DA CRECHE TIPO I | P70: 1394.71 | Q70: =ROUND(K70,2)*P70 -> 0
A71: Serviço | B71: 9.2 | C71: SINAPI | D71: 96622 | E71: LASTRO COM MATERIAL GRANULAR, APLICADO EM PISOS OU LAJES SOBRE SOLO, ESPESSURA DE *5 CM*. AF_01/2024 | F71: =P71 -> 69.74 | G71: M3 | H71: 264.78 | J71: 0.2664 | K71: =ROUND(I71,2)+(ROUND(I71,2)*J71) -> 0 | L71: =ROUND(Q71,2) -> 0 | N71: 1 | O71: CONSTRUÇÃO DA CRECHE TIPO I | P71: 69.74 | Q71: =ROUND(K71,2)*P71 -> 0
A72: Serviço | B72: 9.3 | C72: SINAPI | D72: 97087 | E72: CAMADA SEPARADORA PARA EXECUÇÃO DE RADIER, PISO DE CONCRETO OU LAJE SOBRE SOLO, EM LONA PLÁSTICA. AF_09/2021 | F72: =P72 -> 1394.71 | G72: M2 | H72: 2.09 | J72: 0.2664 | K72: =ROUND(I72,2)+(ROUND(I72,2)*J72) -> 0 | L72: =ROUND(Q72,2) -> 0 | N72: 1 | O72: CONSTRUÇÃO DA CRECHE TIPO I | P72: 1394.71 | Q72: =ROUND(K72,2)*P72 -> 0
A73: Serviço | B73: 9.4 | C73: SINAPI | D73: 94991 | E73: EXECUÇÃO DE PASSEIO (CALÇADA) OU PISO DE CONCRETO COM CONCRETO MOLDADO IN LOCO, USINADO C20, ACABAMENTO CONVENCIONAL, NÃO ARMADO. AF_08/2022 | F73: =P73 -> 111.58 | G73: M3 | H73: 834.03 | J73: 0.2664 | K73: =ROUND(I73,2)+(ROUND(I73,2)*J73) -> 0 | L73: =ROUND(Q73,2) -> 0 | N73: 1 | O73: CONSTRUÇÃO DA CRECHE TIPO I | P73: 111.58 | Q73: =ROUND(K73,2)*P73 -> 0
A74: Macrosserviço | B74: 10 | E74: PAVIMENTAÇÃO EXTERNA - CALÇADA DE PISO DE CONCRETO 7 CM | J74: 0.2664 | L74: =ROUND(L75,2)+ROUND(L76,2)+ROUND(L77,2)+ROUND(L78,2) -> 0 | P74: =F74
A75: Serviço | B75: 10.1 | C75: SINAPI | D75: 97083 | E75: COMPACTAÇÃO MECÂNICA DE SOLO PARA EXECUÇÃO DE RADIER, PISO DE CONCRETO OU LAJE SOBRE SOLO, COM COMPACTADOR DE SOLOS A PERCUSSÃO. AF_09/2021 | F75: =P75 -> 490.26 | G75: M2 | H75: 3.38 | J75: 0.2664 | K75: =ROUND(I75,2)+(ROUND(I75,2)*J75) -> 0 | L75: =ROUND(Q75,2) -> 0 | N75: 1 | O75: CONSTRUÇÃO DA CRECHE TIPO I | P75: 490.26 | Q75: =ROUND(K75,2)*P75 -> 0
A76: Serviço | B76: 10.2 | C76: SINAPI | D76: 96622 | E76: LASTRO COM MATERIAL GRANULAR, APLICADO EM PISOS OU LAJES SOBRE SOLO, ESPESSURA DE *5 CM*. AF_01/2024 | F76: =P76 -> 24.51 | G76: M3 | H76: 264.78 | J76: 0.2664 | K76: =ROUND(I76,2)+(ROUND(I76,2)*J76) -> 0 | L76: =ROUND(Q76,2) -> 0 | N76: 1 | O76: CONSTRUÇÃO DA CRECHE TIPO I | P76: 24.51 | Q76: =ROUND(K76,2)*P76 -> 0
A77: Serviço | B77: 10.3 | C77: SINAPI | D77: 97087 | E77: CAMADA SEPARADORA PARA EXECUÇÃO DE RADIER, PISO DE CONCRETO OU LAJE SOBRE SOLO, EM LONA PLÁSTICA. AF_09/2021 | F77: =P77 -> 490.26 | G77: M2 | H77: 2.09 | J77: 0.2664 | K77: =ROUND(I77,2)+(ROUND(I77,2)*J77) -> 0 | L77: =ROUND(Q77,2) -> 0 | N77: 1 | O77: CONSTRUÇÃO DA CRECHE TIPO I | P77: 490.26 | Q77: =ROUND(K77,2)*P77 -> 0
A78: Serviço | B78: 10.4 | C78: SINAPI | D78: 94991 | E78: EXECUÇÃO DE PASSEIO (CALÇADA) OU PISO DE CONCRETO COM CONCRETO MOLDADO IN LOCO, USINADO C20, ACABAMENTO CONVENCIONAL, NÃO ARMADO. AF_08/2022 | F78: =P78 -> 39.22 | G78: M3 | H78: 834.03 | J78: 0.2664 | K78: =ROUND(I78,2)+(ROUND(I78,2)*J78) -> 0 | L78: =ROUND(Q78,2) -> 0 | N78: 1 | O78: CONSTRUÇÃO DA CRECHE TIPO I | P78: 39.22 | Q78: =ROUND(K78,2)*P78 -> 0
A79: Macrosserviço | B79: 11 | E79: ELEMENTOS VAZADOS | J79: 0.2664 | L79: =ROUND(L80,2) -> 0 | P79: =F79
A80: Serviço | B80: 11.1 | C80: SINAPI | D80: 101161 | E80: ALVENARIA DE VEDAÇÃO COM ELEMENTO VAZADO DE CONCRETO (COBOGÓ) DE 7X50X50CM E ARGAMASSA DE ASSENTAMENTO COM PREPARO EM BETONEIRA. AF_05/2020 | F80: =P80 -> 4.8 | G80: M2 | H80: 227.84 | J80: 0.2664 | K80: =ROUND(I80,2)+(ROUND(I80,2)*J80) -> 0 | L80: =ROUND(Q80,2) -> 0 | N80: 1 | O80: CONSTRUÇÃO DA CRECHE TIPO I | P80: 4.8 | Q80: =ROUND(K80,2)*P80 -> 0
A81: Macrosserviço | B81: 12 | E81: ALVENARIA DE VEDAÇÃO | J81: 0.2664 | L81: =ROUND(L82,2)+ROUND(L83,2)+ROUND(L84,2)+ROUND(L85,2)+ROUND(L86,2)+ROUND(L87,2) -> 0 | P81: =F81
A82: Serviço | B82: 12.1 | C82: SINAPI | D82: 103324 | E82: ALVENARIA DE VEDAÇÃO DE BLOCOS CERÂMICOS FURADOS NA VERTICAL DE 14X19X39 CM (ESPESSURA 14 CM) E ARGAMASSA DE ASSENTAMENTO COM PREPARO EM BETONEIRA. AF_12/2021 | F82: =P82 -> 778.74 | G82: M2 | H82: 67.13 | J82: 0.2664 | K82: =ROUND(I82,2)+(ROUND(I82,2)*J82) -> 0 | L82: =ROUND(Q82,2) -> 0 | N82: 1 | O82: CONSTRUÇÃO DA CRECHE TIPO I | P82: 778.74 | Q82: =ROUND(K82,2)*P82 -> 0
A83: Serviço | B83: 12.2 | C83: SINAPI | D83: 103322 | E83: ALVENARIA DE VEDAÇÃO DE BLOCOS CERÂMICOS FURADOS NA VERTICAL DE 9X19X39 CM (ESPESSURA 9 CM) E ARGAMASSA DE ASSENTAMENTO COM PREPARO EM BETONEIRA. AF_12/2021 | F83: =P83 -> 931.08 | G83: M2 | H83: 49.7 | J83: 0.2664 | K83: =ROUND(I83,2)+(ROUND(I83,2)*J83) -> 0 | L83: =ROUND(Q83,2) -> 0 | N83: 1 | O83: CONSTRUÇÃO DA CRECHE TIPO I | P83: 931.08 | Q83: =ROUND(K83,2)*P83 -> 0
A84: Serviço | B84: 12.3 | C84: SINAPI | D84: 103328 | E84: ALVENARIA DE VEDAÇÃO DE BLOCOS CERÂMICOS FURADOS NA HORIZONTAL DE 9X19X19 CM (ESPESSURA 9 CM) E ARGAMASSA DE ASSENTAMENTO COM PREPARO EM BETONEIRA. AF_12/2021 | F84: =P84 -> 17.16 | G84: M2 | H84: 85.73 | J84: 0.2664 | K84: =ROUND(I84,2)+(ROUND(I84,2)*J84) -> 0 | L84: =ROUND(Q84,2) -> 0 | N84: 1 | O84: CONSTRUÇÃO DA CRECHE TIPO I | P84: 17.16 | Q84: =ROUND(K84,2)*P84 -> 0
A85: Serviço | B85: 12.4 | C85: SINAPI | D85: 93200 | E85: FIXAÇÃO (ENCUNHAMENTO) DE ALVENARIA DE VEDAÇÃO COM ARGAMASSA APLICADA COM BISNAGA. AF_03/2024 | F85: =P85 -> 636.52 | G85: M | H85: 11.45 | J85: 0.2664 | K85: =ROUND(I85,2)+(ROUND(I85,2)*J85) -> 0 | L85: =ROUND(Q85,2) -> 0 | N85: 1 | O85: CONSTRUÇÃO DA CRECHE TIPO I | P85: 636.52 | Q85: =ROUND(K85,2)*P85 -> 0
A86: Serviço | B86: 12.5 | C86: SINAPI | D86: 101159 | E86: ALVENARIA DE VEDAÇÃO DE BLOCOS CERÂMICOS MACIÇOS DE 5X10X20CM (ESPESSURA 10CM) E ARGAMASSA DE ASSENTAMENTO COM PREPARO EM BETONEIRA. AF_05/2020 | F86: =P86 -> 14.71 | G86: M2 | H86: 120.43 | J86: 0.2664 | K86: =ROUND(I86,2)+(ROUND(I86,2)*J86) -> 0 | L86: =ROUND(Q86,2) -> 0 | N86: 1 | O86: CONSTRUÇÃO DA CRECHE TIPO I | P86: 14.71 | Q86: =ROUND(K86,2)*P86 -> 0
A87: Serviço | B87: 12.6 | C87: SINAPI | D87: 103318 | E87: ALVENARIA DE VEDAÇÃO DE BLOCOS VAZADOS DE CONCRETO DE 14X19X39 CM (ESPESSURA 14 CM) E ARGAMASSA DE ASSENTAMENTO COM PREPARO EM BETONEIRA. AF_12/2021 | F87: =P87 -> 9.53 | G87: M2 | H87: 99.06 | J87: 0.2664 | K87: =ROUND(I87,2)+(ROUND(I87,2)*J87) -> 0 | L87: =ROUND(Q87,2) -> 0 | N87: 1 | O87: CONSTRUÇÃO DA CRECHE TIPO I | P87: 9.53 | Q87: =ROUND(K87,2)*P87 -> 0
A88: Macrosserviço | B88: 13 | E88: DIVISÓRIAS | J88: 0.2664 | L88: =ROUND(L89,2)+ROUND(L90,2)+ROUND(L91,2) -> 0 | P88: =F88
A89: Serviço | B89: 13.1 | C89: SINAPI | D89: 102253 | E89: DIVISORIA SANITÁRIA, TIPO CABINE, EM GRANITO CINZA POLIDO, ESP = 3CM, ASSENTADO COM ARGAMASSA COLANTE AC III-E, EXCLUSIVE FERRAGENS. AF_01/2021 | F89: =P89 -> 14.36 | G89: M2 | H89: 543.43 | J89: 0.2664 | K89: =ROUND(I89,2)+(ROUND(I89,2)*J89) -> 0 | L89: =ROUND(Q89,2) -> 0 | N89: 1 | O89: CONSTRUÇÃO DA CRECHE TIPO I | P89: 14.36 | Q89: =ROUND(K89,2)*P89 -> 0
A90: Serviço | B90: 13.2 | C90: SINAPI | D90: 102181 | E90: INSTALAÇÃO DE VIDRO TEMPERADO, E = 10 MM, ENCAIXADO EM PERFIL U. AF_01/2021_PS | F90: =P90 -> 5.94 | G90: M2 | H90: 618.42 | J90: 0.2664 | K90: =ROUND(I90,2)+(ROUND(I90,2)*J90) -> 0 | L90: =ROUND(Q90,2) -> 0 | N90: 1 | O90: CONSTRUÇÃO DA CRECHE TIPO I | P90: 5.94 | Q90: =ROUND(K90,2)*P90 -> 0
A91: Serviço | B91: 13.3 | C91: SINAPI | D91: 102235 | E91: DIVISÓRIA FIXA EM VIDRO TEMPERADO 10 MM, SEM ABERTURA. AF_01/2021_PS | F91: =P91 -> 5.38 | G91: M2 | H91: 599.21 | J91: 0.2664 | K91: =ROUND(I91,2)+(ROUND(I91,2)*J91) -> 0 | L91: =ROUND(Q91,2) -> 0 | N91: 1 | O91: CONSTRUÇÃO DA CRECHE TIPO I | P91: 5.38 | Q91: =ROUND(K91,2)*P91 -> 0
A92: Macrosserviço | B92: 14 | E92: PORTA DE MADEIRA | J92: 0.2664 | L92: =ROUND(L93,2)+ROUND(L94,2)+ROUND(L95,2)+ROUND(L96,2)+ROUND(L97,2)+ROUND(L98,2) -> 0 | P92: =F92
A93: Serviço | B93: 14.1 | C93: Composição | D93: 6 | E93: PM1 - KIT DE PORTA DE MADEIRA FRISADA, SEMI-OCA (LEVE OU MÉDIA), PADRÃO MÉDIO, 80X210CM, ESPESSURA DE 3,5CM, ITENS INCLUSOS: DOBRADIÇAS, MONTAGEM E INSTALAÇÃO DE BATENTE, FECHADURA COM EXECUÇÃO DO FURO - FORNECIMENTO E INSTALAÇÃO | F93: =P93 -> 17 | G93: UN | H93: 1024.65 | J93: 0.2664 | K93: =ROUND(I93,2)+(ROUND(I93,2)*J93) -> 0 | L93: =ROUND(Q93,2) -> 0 | N93: 1 | O93: CONSTRUÇÃO DA CRECHE TIPO I | P93: 17 | Q93: =ROUND(K93,2)*P93 -> 0
A94: Serviço | B94: 14.2 | C94: Composição | D94: 7 | E94: PM 2 - KIT DE PORTA DE MADEIRA COM VENEZIANA, 80X210CM (ESPESSURA DE 3CM), PADRÃO MÉDIO, ITENS INCLUSOS: DOBRADIÇAS, MONTAGEM E INSTALAÇÃO DE BATENTE, FECHADURA COM EXECUÇÃO DO FURO - FORNECIMENTO E INSTALAÇÃO | F94: =P94 -> 2 | G94: UN | H94: 1539.2 | J94: 0.2664 | K94: =ROUND(I94,2)+(ROUND(I94,2)*J94) -> 0 | L94: =ROUND(Q94,2) -> 0 | N94: 1 | O94: CONSTRUÇÃO DA CRECHE TIPO I | P94: 2 | Q94: =ROUND(K94,2)*P94 -> 0
A95: Serviço | B95: 14.3 | C95: Composição | D95: 8 | E95: PM3 - KIT DE PORTA DE MADEIRA FRISADA, SEMI-OCA (LEVE OU MÉDIA), PADRÃO MÉDIO, 80X210CM, ESPESSURA DE 3,5CM, ITENS INCLUSOS: DOBRADIÇAS, MONTAGEM E INSTALAÇÃO DE BATENTE, FECHADURA COM EXECUÇÃO DO FURO - FORNECIMENTO E INSTALAÇÃO. AF_12/2019 | F95: =P95 -> 4 | G95: UN | H95: 1024.65 | J95: 0.2664 | K95: =ROUND(I95,2)+(ROUND(I95,2)*J95) -> 0 | L95: =ROUND(Q95,2) -> 0 | N95: 1 | O95: CONSTRUÇÃO DA CRECHE TIPO I | P95: 4 | Q95: =ROUND(K95,2)*P95 -> 0
A96: Serviço | B96: 14.4 | C96: Composição | D96: 9 | E96: PM4 - KIT DE PORTA DE MADEIRA COM VISOR DE VIDRO, 80X210CM (ESPESSURA DE 3CM), PADRÃO POPULAR, ITENS INCLUSOS: DOBRADIÇAS, MONTAGEM E INSTALAÇÃO DE BATENTE, FECHADURA COM EXECUÇÃO DO FURO - FORNECIMENTO E INSTALAÇÃO. AF_12/2019 | F96: =P96 -> 10 | G96: UN | H96: 1539.2 | J96: 0.2664 | K96: =ROUND(I96,2)+(ROUND(I96,2)*J96) -> 0 | L96: =ROUND(Q96,2) -> 0 | N96: 1 | O96: CONSTRUÇÃO DA CRECHE TIPO I | P96: 10 | Q96: =ROUND(K96,2)*P96 -> 0
A97: Serviço | B97: 14.5 | C97: Composição | D97: 10 | E97: PM5 -PORTA EM COMPENSADO DE MADEIRA E=2cm REVESTIDA COM LAMINADO MELAMÍNICO NAS CORES: AMARELA, VERDE, LARANJA E AZUL | F97: =P97 -> 8 | G97: UN | H97: 942.95 | J97: 0.2664 | K97: =ROUND(I97,2)+(ROUND(I97,2)*J97) -> 0 | L97: =ROUND(Q97,2) -> 0 | N97: 1 | O97: CONSTRUÇÃO DA CRECHE TIPO I | P97: 8 | Q97: =ROUND(K97,2)*P97 -> 0
A98: Serviço | B98: 14.6 | C98: Composição | D98: 11 | E98: INSTALAÇÃO DE VIDRO LISO INCOLOR ESQUADRIA PM4 , E = 6 MM, EM ESQUADRIA DE MADEIRA, FIXADO COM BAGUETE | F98: =P98 -> 2.3 | G98: M2 | H98: 252 | J98: 0.2664 | K98: =ROUND(I98,2)+(ROUND(I98,2)*J98) -> 0 | L98: =ROUND(Q98,2) -> 0 | N98: 1 | O98: CONSTRUÇÃO DA CRECHE TIPO I | P98: 2.3 | Q98: =ROUND(K98,2)*P98 -> 0
A99: Macrosserviço | B99: 15 | E99: FERRAGENS E ACESSÓRIOS | J99: 0.2664 | L99: =ROUND(L100,2)+ROUND(L101,2)+ROUND(L102,2)+ROUND(L103,2) -> 0 | P99: =F99
A100: Serviço | B100: 15.1 | C100: SINAPI | D100: 100705 | E100: TARJETA TIPO LIVRE/OCUPADO PARA PORTA DE BANHEIRO. AF_12/2019 | F100: =P100 -> 8 | G100: UN | H100: 81.15 | J100: 0.2664 | K100: =ROUND(I100,2)+(ROUND(I100,2)*J100) -> 0 | L100: =ROUND(Q100,2) -> 0 | N100: 1 | O100: CONSTRUÇÃO DA CRECHE TIPO I | P100: 8 | Q100: =ROUND(K100,2)*P100 -> 0
A101: Serviço | B101: 15.2 | C101: SINAPI | D101: 100866 | E101: BARRA DE APOIO RETA, EM ACO INOX POLIDO, COMPRIMENTO 60CM, FIXADA NA PAREDE - FORNECIMENTO E INSTALAÇÃO. AF_01/2020 | F101: =P101 -> 4 | G101: UN | H101: 326.03 | J101: 0.2664 | K101: =ROUND(I101,2)+(ROUND(I101,2)*J101) -> 0 | L101: =ROUND(Q101,2) -> 0 | N101: 1 | O101: CONSTRUÇÃO DA CRECHE TIPO I | P101: 4 | Q101: =ROUND(K101,2)*P101 -> 0
...

Sheet CFF - bm
B1: PREFEITURA MUNICIPAL DE VARGEM ALTA
B3: ESTADO DO ESPÍRITO SANTO
A4: =Planilha!$A$3 -> OBRA: | B4: =Planilha!$C$3 -> Construção de Creche modelo FNDE Tipo 1 - BIM - opção 110V
A5: =Planilha!$A$4 -> LOCAL: | B5: =Planilha!$C$4 -> Vila Esperança, Vargem Alta - ES
A7: Número | B7: Macrosserviço | C7: Valor macrosserviço | D7: Parcela | E7: Percentual Parcela | F7: Valor
A8: 1 | B8: SERVIÇOS PRELIMINARES | C8: =Planilha!L10 -> 0 | D8: 1 | E8: 0.1 | F8: =$E$8*C8 -> 0
D9: 2 | E9: 0.1 | F9: =C8*E9 -> 0
D10: 3 | E10: 0.1 | F10: =E10*C8 -> 0
D11: 4 | E11: 0.1 | F11: =E11*C8 -> 0
D12: 5 | E12: 0.1 | F12: =E12*C8 -> 0
D13: 6 | E13: 0.1 | F13: =E13*C8 -> 0
D14: 7 | E14: 0.1 | F14: =E14*C8 -> 0
D15: 8 | E15: 0.1 | F15: =E15*C8 -> 0
D16: 9 | E16: 0.1 | F16: =E16*C8 -> 0
D17: 10 | E17: 0.1 | F17: =E17*C8 -> 0
A18: 2 | B18: MOVIMENTAÇÃO DE TERRA | C18: =Planilha!L20 -> 0 | D18: 1 | E18: 0.35 | F18: =C18*E18 -> 0
D19: 2 | E19: 0.55 | F19: =C18*E19 -> 0
D20: 3 | E20: 0.1 | F20: =C18*E20 -> 0
D21: 4 | E21: 0
D22: 5 | E22: 0
D23: 6 | E23: 0
D24: 7 | E24: 0
D25: 8 | E25: 0
D26: 9 | E26: 0
D27: 10 | E27: 0
A28: 3 | B28: CONCRETO ARMADO PARA SAPATAS | C28: =Planilha!L28 -> 0 | D28: 1 | E28: 0
D29: 2 | E29: 0.7 | F29: =C28*E29 -> 0
D30: 3 | E30: 0.3 | F30: =C28*E30 -> 0
D31: 4 | E31: 0
D32: 5 | E32: 0
D33: 6 | E33: 0
D34: 7 | E34: 0
D35: 8 | E35: 0
D36: 9 | E36: 0
D37: 10 | E37: 0
A38: 4 | B38: CONCRETO ARMADO - PILARES | C38: =Planilha!L35 -> 0 | D38: 1 | E38: 0
D39: 2 | E39: 0.1 | F39: =C38*E39 -> 0
D40: 3 | E40: 0.7 | F40: =C38*E40 -> 0
D41: 4 | E41: 0.2 | F41: =C38*E41 -> 0
D42: 5 | E42: 0
D43: 6 | E43: 0
D44: 7 | E44: 0
D45: 8 | E45: 0
D46: 9 | E46: 0
D47: 10 | E47: 0
A48: 5 | B48: CONCRETO ARMADO - VIGAS INCLUINDO BALDRAME | C48: =Planilha!L41 -> 0 | D48: 1 | E48: 0
D49: 2 | E49: 0.1 | F49: =C48*E49 -> 0
D50: 3 | E50: 0.7 | F50: =C48*E50 -> 0
D51: 4 | E51: 0.2 | F51: =C48*E51 -> 0
D52: 5 | E52: 0
D53: 6 | E53: 0
D54: 7 | E54: 0
D55: 8 | E55: 0
D56: 9 | E56: 0
D57: 10 | E57: 0
A58: 6 | B58: CONCRETO ARMADO PARA VERGAS | C58: =Planilha!L52 -> 0 | D58: 1 | E58: 0
D59: 2 | E59: 0
D60: 3 | E60: 0.1 | F60: =C58*E60 -> 0
D61: 4 | E61: 0.7 | F61: =C58*E61 -> 0
D62: 5 | E62: 0.2 | F62: =C58*E62 -> 0
D63: 6 | E63: 0
D64: 7 | E64: 0
D65: 8 | E65: 0
D66: 9 | E66: 0
D67: 10 | E67: 0
A68: 7 | B68: CONCRETO ARMADO - LAJE | C68: =Planilha!L59 -> 0 | D68: 1 | E68: 0
D69: 2 | E69: 0.1 | F69: =C68*E69 -> 0
D70: 3 | E70: 0.7 | F70: =C68*E70 -> 0
D71: 4 | E71: 0.2 | F71: =C68*E71 -> 0
D72: 5 | E72: 0
D73: 6 | E73: 0
D74: 7 | E74: 0
D75: 8 | E75: 0
D76: 9 | E76: 0
D77: 10 | E77: 0
A78: 8 | B78: ESTRUTURA METÁLICA | C78: =Planilha!L67 -> 0 | D78: 1 | E78: 0
D79: 2 | E79: 0.1 | F79: =C78*E79 -> 0
D80: 3 | E80: 0.7 | F80: =C78*E80 -> 0
D81: 4 | E81: 0.2 | F81: =C78*E81 -> 0
D82: 5 | E82: 0
D83: 6 | E83: 0
D84: 7 | E84: 0
D85: 8 | E85: 0
D86: 9 | E86: 0
D87: 10 | E87: 0
A88: 9 | B88: PAVIMENTAÇÃO INTERNA DE PISO DE CONCRETO 8CM | C88: =Planilha!L69 -> 0 | D88: 1 | E88: 0
D89: 2 | E89: 0.1 | F89: =C88*E89 -> 0
D90: 3 | E90: 0.7 | F90: =C88*E90 -> 0
D91: 4 | E91: 0.2 | F91: =C88*E91 -> 0
D92: 5 | E92: 0
D93: 6 | E93: 0
D94: 7 | E94: 0
D95: 8 | E95: 0
D96: 9 | E96: 0
D97: 10 | E97: 0
A98: 10 | B98: PAVIMENTAÇÃO EXTERNA - CALÇADA DE PISO DE CONCRETO 7 CM | C98: =Planilha!L74 -> 0 | D98: 1 | E98: 0
D99: 2 | E99: 0.1 | F99: =C98*E99 -> 0
D100: 3 | E100: 0.7 | F100: =C98*E100 -> 0
D101: 4 | E101: 0.2 | F101: =C98*E101 -> 0
D102: 5 | E102: 0
...

Sheet COMPOSIÇÕES PRÓPRIAS
A1: PREFEITURA MUNICIPAL DE VARGEM ALTA ESTADO DO ESPÍRITO SANTO
A2: =[1]ORÇAMENTO!$A$4 -> Obra: Construção de Creche modelo FNDE Tipo 1 - BIM - opção 110V
A3: =[1]ORÇAMENTO!$A$5 -> Local: Vila Esperança, Vargem Alta - ES
A4: COMPOSIÇÃO DE PREÇO | E4: =[1]ORÇAMENTO!G6 -> Fonte
E5: =[1]ORÇAMENTO!G7 -> SINAPI | F5: =[1]ORÇAMENTO!H7 -> 45627 | G5: =[1]ORÇAMENTO!I7 -> COM DESONERAÇÃO
E6: =[1]ORÇAMENTO!G8 -> SP OBRAS | F6: =[1]ORÇAMENTO!H8 -> 193 | G6: =[1]ORÇAMENTO!I8 -> COM DESONERAÇÃO
E7: =[1]ORÇAMENTO!G9 -> PRÓPRIA | F7: =[1]ORÇAMENTO!H9 -> PRÓPRIA
F8: =[1]ORÇAMENTO!H4 -> BDI : | G8: 0.2664
A9: FNDE 03 LIGAÇÃO PROVISÓRIA DE ÁGUA E ESGOTO (UN)
A10: Material | C10: FONTE | D10: UNID | E10: COEFICIENTE | F10: PREÇO UNITÁRIO | G10: TOTAL
A11: 370 | B11: AREIA MEDIA - POSTO JAZIDA/FORNECEDOR (RETIRADO NA JAZIDA, SEM TRANSPORTE) - Percentual=1,0000% | C11: SINAPI | D11: M3 | E11: 0.02 | F11: =H11 -> 83.34 | G11: =ROUND(F11*E11,2) -> 1.67 | H11: =VLOOKUP(A11,'[1]SINAPI ES'!$A$7:$D$12674,4,0) -> 83.34
A12: 10420 | B12: BACIA SANITARIA (VASO) CONVENCIONAL, DE LOUCA BRANCA, SIFAO APARENTE, SAIDA VERTICAL (SEM ASSENTO) - Percentual=1,0000% | C12: SINAPI | D12: UN | E12: 1 | F12: =H12 -> 245 | G12: =ROUND(F12*E12,2) -> 245 | H12: =VLOOKUP(A12,'[1]SINAPI ES'!$A$7:$D$12674,4,0) -> 245
A13: 11868 | B13: CAIXA D'AGUA / RESERVATORIO EM POLIESTER REFORCADO COM FIBRA DE VIDRO,1000 LITROS, COM TAMPA - Percentual=1,0000% | C13: SINAPI | D13: UN | E13: 1 | F13: =H13 -> 675.93 | G13: =ROUND(F13*E13,2) -> 675.93 | H13: =VLOOKUP(A13,'[1]SINAPI ES'!$A$7:$D$12674,4,0) -> 675.93
A14: 20247 | B14: PREGO DE ACO POLIDO COM CABECA 15 X 15 (1 1/4 X 13) - Percentual=1,0000% | C14: SINAPI | D14: KG | E14: 1 | F14: =H14 -> 22.53 | G14: =ROUND(F14*E14,2) -> 22.53 | H14: =VLOOKUP(A14,'[1]SINAPI ES'!$A$7:$D$12674,4,0) -> 22.53
A15: 20205 | B15: RIPA APARELHADA *1,5 X 5* CM, EM MACARANDUBA/MASSARANDUBA, ANGELIM OU EQUIVALENTE DA REGIAO - Percentual=1,0000% | C15: SINAPI | D15: M | E15: 8 | F15: =H15 -> 3.54 | G15: =ROUND(F15*E15,2) -> 28.32 | H15: =VLOOKUP(A15,'[1]SINAPI ES'!$A$7:$D$12674,4,0) -> 3.54
A16: 21009 | B16: TUBO ACO GALVANIZADO COM COSTURA, CLASSE LEVE, DN 20 MM ( 3/4"), E = 2,25 MM, *1,3* KG/M (NBR 5580) - Percentual=1,0000% | C16: SINAPI | D16: M | E16: 30 | F16: =H16 -> 37.25 | G16: =ROUND(F16*E16,2) -> 1117.5 | H16: =VLOOKUP(A16,'[1]SINAPI ES'!$A$7:$D$12674,4,0) -> 37.25
A17: 9841 | B17: TUBO PVC, SERIE R, DN 100 MM, PARA ESGOTO OU AGUAS PLUVIAIS PREDIAL (NBR 5688) - Percentual=1,0000% | C17: SINAPI | D17: M | E17: 5 | F17: =H17 -> 36.1 | G17: =ROUND(F17*E17,2) -> 180.5 | H17: =VLOOKUP(A17,'[1]SINAPI ES'!$A$7:$D$12674,4,0) -> 36.1
A18: 9841 | B18: TUBO PVC, SERIE R, DN 100 MM, PARA ESGOTO OU AGUAS PLUVIAIS PREDIAL (NBR 5688) - Percentual=1,0000% | C18: SINAPI | D18: M | E18: 5 | F18: =H18 -> 36.1 | G18: =ROUND(F18*E18,2) -> 180.5 | H18: =VLOOKUP(A18,'[1]SINAPI ES'!$A$7:$D$12674,4,0) -> 36.1
E19: TOTAL Material: | G19: =SUM(G11:G18) -> 2451.95 | H19: =VLOOKUP(A19,'[1]SINAPI ES'!$A$7:$D$12674,4,0) -> #N/A
A20: Mão de Obra com Encargos Complementares | C20: FONTE | D20: UNID | E20: COEFICIENTE | F20: PREÇO UNITÁRIO | G20: TOTAL | H20: =VLOOKUP(A20,'[1]SINAPI ES'!$A$7:$D$12674,4,0) -> #N/A
A21: 88248 | B21: AUXILIAR DE ENCANADOR OU BOMBEIRO HIDRÁULICO COM ENCARGOS COMPLEMENTARES - Percentual=1,0000% | C21: SINAPI | D21: H | E21: 4 | F21: =H21 -> 22.9 | G21: =ROUND(F21*E21,2) -> 91.6 | H21: =VLOOKUP(A21,'[1]SINAPI ES'!$A$7:$D$12674,4,0) -> 22.9
A22: 88267 | B22: ENCANADOR OU BOMBEIRO HIDRÁULICO COM ENCARGOS COMPLEMENTARES - Percentual=1,0000% | C22: SINAPI | D22: H | E22: 8 | F22: =H22 -> 26.54 | G22: =ROUND(F22*E22,2) -> 212.32 | H22: =VLOOKUP(A22,'[1]SINAPI ES'!$A$7:$D$12674,4,0) -> 26.54
A23: 88309 | B23: PEDREIRO COM ENCARGOS COMPLEMENTARES - Percentual=1,0000% | C23: SINAPI | D23: H | E23: 8 | F23: =H23 -> 28.13 | G23: =ROUND(F23*E23,2) -> 225.04 | H23: =VLOOKUP(A23,'[1]SINAPI ES'!$A$7:$D$12674,4,0) -> 28.13
A24: 88316 | B24: SERVENTE COM ENCARGOS COMPLEMENTARES - Percentual=1,0000% | C24: SINAPI | D24: H | E24: 8.12 | F24: =H24 -> 21.72 | G24: =ROUND(F24*E24,2) -> 176.37 | H24: =VLOOKUP(A24,'[1]SINAPI ES'!$A$7:$D$12674,4,0) -> 21.72
E25: TOTAL Mão de Obra com Encargos Complementares: | G25: =SUM(G21:G24) -> 705.33 | H25: =VLOOKUP(A25,'[1]SINAPI ES'!$A$7:$D$12674,4,0) -> #N/A
A26: Serviço | C26: FONTE | D26: UNID | E26: COEFICIENTE | F26: PREÇO UNITÁRIO | G26: TOTAL | H26: =VLOOKUP(A26,'[1]SINAPI ES'!$A$7:$D$12674,4,0) -> #N/A
A27: 92273 | B27: FABRICAÇÃO DE ESCORAS DO TIPO PONTALETE, EM MADEIRA, PARA PÉ-DIREITO SIMPLES. AF_09/2020 - Percentual=1,0000% | C27: SINAPI | D27: M | E27: 17 | F27: =H27 -> 15.39 | G27: =ROUND(F27*E27,2) -> 261.63 | H27: =VLOOKUP(A27,'[1]SINAPI ES'!$A$7:$D$12674,4,0) -> 15.39
E28: TOTAL Serviço: | G28: =G27 -> 261.63 | H28: =VLOOKUP(A28,'[1]SINAPI ES'!$A$7:$D$12674,4,0) -> #N/A
E29: VALOR: | G29: =G28+G25+G19 -> 3418.91 | H29: =VLOOKUP(A29,'[1]SINAPI ES'!$A$7:$D$12674,4,0) -> #N/A
H30: =VLOOKUP(A30,'[1]SINAPI ES'!$A$7:$D$12674,4,0) -> #N/A
A31: FNDE 244 ADMINISTRAÇÃO LOCAL TIPO 1 (UN) | H31: =VLOOKUP(A31,'[1]SINAPI ES'!$A$7:$D$12674,4,0) -> #N/A
A32: Mão de Obra com Encargos Complementares | C32: FONTE | D32: UNID | E32: COEFICIENTE | F32: PREÇO UNITÁRIO | G32: TOTAL | H32: =VLOOKUP(A32,'[1]SINAPI ES'!$A$7:$D$12674,4,0) -> #N/A
A33: 90766 | B33: ALMOXARIFE COM ENCARGOS COMPLEMENTARES | C33: SINAPI | D33: H | E33: 2000 | F33: =H33 -> 23.07 | G33: =ROUND(F33*E33,2) -> 46140 | H33: =VLOOKUP(A33,'[1]SINAPI ES'!$A$7:$D$12674,4,0) -> 23.07
A34: 90776 | B34: ENCARREGADO GERAL COM ENCARGOS COMPLEMENTARES | C34: SINAPI | D34: H | E34: 2000 | F34: =H34 -> 34.09 | G34: =ROUND(F34*E34,2) -> 68180 | H34: =VLOOKUP(A34,'[1]SINAPI ES'!$A$7:$D$12674,4,0) -> 34.09
A35: 90777 | B35: ENGENHEIRO CIVIL DE OBRA JUNIOR COM ENCARGOS COMPLEMENTARES | C35: SINAPI | D35: H | E35: 800 | F35: =H35 -> 105.98 | G35: =ROUND(F35*E35,2) -> 84784 | H35: =VLOOKUP(A35,'[1]SINAPI ES'!$A$7:$D$12674,4,0) -> 105.98
A36: 90780 | B36: MESTRE DE OBRAS COM ENCARGOS COMPLEMENTARES | C36: SINAPI | D36: H | E36: 1600 | F36: =H36 -> 53.88 | G36: =ROUND(F36*E36,2) -> 86208 | H36: =VLOOKUP(A36,'[1]SINAPI ES'!$A$7:$D$12674,4,0) -> 53.88
A37: 88316 | B37: SERVENTE COM ENCARGOS COMPLEMENTARES | C37: SINAPI | D37: H | E37: 1600 | F37: =H37 -> 21.72 | G37: =ROUND(F37*E37,2) -> 34752 | H37: =VLOOKUP(A37,'[1]SINAPI ES'!$A$7:$D$12674,4,0) -> 21.72
E38: TOTAL Mão de Obra com Encargos Complementares: | G38: =SUM(G33:G37) -> 320064 | H38: =VLOOKUP(A38,'[1]SINAPI ES'!$A$7:$D$12674,4,0) -> #N/A
E39: VALOR: | G39: =G38 -> 320064 | H39: =VLOOKUP(A39,'[1]SINAPI ES'!$A$7:$D$12674,4,0) -> #N/A
H40: =VLOOKUP(A40,'[1]SINAPI ES'!$A$7:$D$12674,4,0) -> #N/A
A41: FNDE 231 LOCACAO DE CONTAINER 2,30 X 6,00 M, ALT. 2,50 M, COM 1 SANITARIO, PARA ESCRITORIO, COMPLETO, SEM DIVISORIAS INTERNAS (NAO INCLUI MOBILIZACAO/DESMOBILIZACAO) (MÊS) | H41: =VLOOKUP(A41,'[1]SINAPI ES'!$A$7:$D$12674,4,0) -> #N/A
A42: Equipamento | C42: FONTE | D42: UNID | E42: COEFICIENTE | F42: PREÇO UNITÁRIO | G42: TOTAL | H42: =VLOOKUP(A42,'[1]SINAPI ES'!$A$7:$D$12674,4,0) -> #N/A
A43: 10775 | B43: LOCACAO DE CONTAINER 2,30 X 6,00 M, ALT. 2,50 M, COM 1 SANITARIO, PARA ESCRITORIO, COMPLETO, SEM DIVISORIAS INTERNAS (NAO INCLUI MOBILIZACAO/DESMOBILIZACAO) | C43: SINAPI | D43: MES | E43: 1 | F43: =H43 -> 1185 | G43: =ROUND(F43*E43,2) -> 1185 | H43: =VLOOKUP(A43,'[1]SINAPI ES'!$A$7:$D$12674,4,0) -> 1185
E44: TOTAL Equipamento: | G44: =G43 -> 1185 | H44: =VLOOKUP(A44,'[1]SINAPI ES'!$A$7:$D$12674,4,0) -> #N/A
E45: VALOR: | G45: =G44 -> 1185 | H45: =VLOOKUP(A45,'[1]SINAPI ES'!$A$7:$D$12674,4,0) -> #N/A
H46: =VLOOKUP(A46,'[1]SINAPI ES'!$A$7:$D$12674,4,0) -> #N/A
A47: FNDE 230 LOCACAO DE CONTAINER 2,30 X 6,00 M, ALT. 2,50 M, PARA ESCRITORIO, SEM DIVISORIAS INTERNAS E SEM SANITARIO (NAO INCLUI MOBILIZACAO/DESMOBILIZACAO) (MÊS) | H47: =VLOOKUP(A47,'[1]SINAPI ES'!$A$7:$D$12674,4,0) -> #N/A
A48: Equipamento | C48: FONTE | D48: UNID | E48: COEFICIENTE | F48: PREÇO UNITÁRIO | G48: TOTAL | H48: =VLOOKUP(A48,'[1]SINAPI ES'!$A$7:$D$12674,4,0) -> #N/A
A49: 10776 | B49: LOCACAO DE CONTAINER 2,30 X 6,00 M, ALT. 2,50 M, PARA ESCRITORIO, SEM DIVISORIAS INTERNAS E SEM SANITARIO (NAO INCLUI MOBILIZACAO/DESMOBILIZACAO) | C49: SINAPI | D49: MES | E49: 1 | F49: =H49 -> 925.78 | G49: =ROUND(F49*E49,2) -> 925.78 | H49: =VLOOKUP(A49,'[1]SINAPI ES'!$A$7:$D$12674,4,0) -> 925.78
E50: TOTAL Equipamento: | G50: =G49 -> 925.78 | H50: =VLOOKUP(A50,'[1]SINAPI ES'!$A$7:$D$12674,4,0) -> #N/A
E51: VALOR: | G51: =G50 -> 925.78 | H51: =VLOOKUP(A51,'[1]SINAPI ES'!$A$7:$D$12674,4,0) -> #N/A
H52: =VLOOKUP(A52,'[1]SINAPI ES'!$A$7:$D$12674,4,0) -> #N/A
A53: FNDE 232 LOCACAO DE CONTAINER 2,30 X 6,00 M, ALT. 2,50 M, PARA SANITARIO, COM 4 BACIAS, 8 CHUVEIROS,1 LAVATORIO E 1 MICTORIO (NAO INCLUI MOBILIZACAO/DESMOBILIZACAO) (MÊS) | H53: =VLOOKUP(A53,'[1]SINAPI ES'!$A$7:$D$12674,4,0) -> #N/A
A54: Equipamento | C54: FONTE | D54: UNID | E54: COEFICIENTE | F54: PREÇO UNITÁRIO | G54: TOTAL | H54: =VLOOKUP(A54,'[1]SINAPI ES'!$A$7:$D$12674,4,0) -> #N/A
A55: 10778 | B55: LOCACAO DE CONTAINER 2,30 X 6,00 M, ALT. 2,50 M, PARA SANITARIO, COM 4 BACIAS, 8 CHUVEIROS,1 LAVATORIO E 1 MICTORIO (NAO INCLUI MOBILIZACAO/DESMOBILIZACAO) | C55: SINAPI | D55: MES | E55: 1 | F55: =H55 -> 1481.25 | G55: =ROUND(F55*E55,2) -> 1481.25 | H55: =VLOOKUP(A55,'[1]SINAPI ES'!$A$7:$D$12674,4,0) -> 1481.25
E56: TOTAL Equipamento: | G56: =G55 -> 1481.25 | H56: =VLOOKUP(A56,'[1]SINAPI ES'!$A$7:$D$12674,4,0) -> #N/A
E57: VALOR: | G57: =G56 -> 1481.25 | H57: =VLOOKUP(A57,'[1]SINAPI ES'!$A$7:$D$12674,4,0) -> #N/A
H58: =VLOOKUP(A58,'[1]SINAPI ES'!$A$7:$D$12674,4,0) -> #N/A
A59: FNDE 243 PM1 - KIT DE PORTA DE MADEIRA FRISADA, SEMI-OCA (LEVE OU MÉDIA), PADRÃO MÉDIO, 80X210CM, ESPESSURA DE 3,5CM, ITENS INCLUSOS: DOBRADIÇAS, MONTAGEM E INSTALAÇÃO DE BATENTE, FECHADURA COM EXECUÇÃO DO FURO - FORNECIMENTO E INSTALAÇÃO (UN) | H59: =VLOOKUP(A59,'[1]SINAPI ES'!$A$7:$D$12674,4,0) -> #N/A
A60: Serviço | C60: FONTE | D60: UNID | E60: COEFICIENTE | F60: PREÇO UNITÁRIO | G60: TOTAL | H60: =VLOOKUP(A60,'[1]SINAPI ES'!$A$7:$D$12674,4,0) -> #N/A
A61: 100659 | B61: ALIZAR DE 5X1,5CM PARA PORTA FIXADO COM PREGOS, PADRÃO MÉDIO - FORNECIMENTO E INSTALAÇÃO. AF_12/2019 | C61: SINAPI | D61: M | E61: 10 | F61: =H61 -> 10.66 | G61: =ROUND(F61*E61,2) -> 106.6 | H61: =VLOOKUP(A61,'[1]SINAPI ES'!$A$7:$D$12674,4,0) -> 10.66
A62: 90806 | B62: BATENTE PARA PORTA DE MADEIRA, FIXAÇÃO COM ARGAMASSA, PADRÃO MÉDIO - FORNECIMENTO E INSTALAÇÃO. AF_12/2019 | C62: SINAPI | D62: UN | E62: 1 | F62: =H62 -> 390.01 | G62: =ROUND(F62*E62,2) -> 390.01 | H62: =VLOOKUP(A62,'[1]SINAPI ES'!$A$7:$D$12674,4,0) -> 390.01
A63: 90830 | B63: FECHADURA DE EMBUTIR COM CILINDRO, EXTERNA, COMPLETA, ACABAMENTO PADRÃO MÉDIO, INCLUSO EXECUÇÃO DE FURO - FORNECIMENTO E INSTALAÇÃO. AF_12/2019 | C63: SINAPI | D63: UN | E63: 1 | F63: =H63 -> 155.31 | G63: =ROUND(F63*E63,2) -> 155.31 | H63: =VLOOKUP(A63,'[1]SINAPI ES'!$A$7:$D$12674,4,0) -> 155.31
A64: 91297 | B64: PORTA DE MADEIRA FRISADA, SEMI-OCA (LEVE OU MÉDIA), 80X210CM, ESPESSURA DE 3,5CM, INCLUSO DOBRADIÇAS - FORNECIMENTO E INSTALAÇÃO. AF_12/2019 | C64: SINAPI | D64: UN | E64: 1 | F64: =H64 -> 372.73 | G64: =ROUND(F64*E64,2) -> 372.73 | H64: =VLOOKUP(A64,'[1]SINAPI ES'!$A$7:$D$12674,4,0) -> 372.73
E65: TOTAL Serviço: | G65: =SUM(G60:G64) -> 1024.65 | H65: =VLOOKUP(A65,'[1]SINAPI ES'!$A$7:$D$12674,4,0) -> #N/A
E66: VALOR: | G66: =G65 -> 1024.65 | H66: =VLOOKUP(A66,'[1]SINAPI ES'!$A$7:$D$12674,4,0) -> #N/A
H67: =VLOOKUP(A67,'[1]SINAPI ES'!$A$7:$D$12674,4,0) -> #N/A
A68: FNDE 247 PM 2 - KIT DE PORTA DE MADEIRA COM VENEZIANA, 80X210CM (ESPESSURA DE 3CM), PADRÃO MÉDIO, ITENS INCLUSOS: DOBRADIÇAS, MONTAGEM E INSTALAÇÃO DE BATENTE, FECHADURA COM EXECUÇÃO DO FURO - FORNECIMENTO E INSTALAÇÃO (UN) | H68: =VLOOKUP(A68,'[1]SINAPI ES'!$A$7:$D$12674,4,0) -> #N/A
A69: Serviço | C69: FONTE | D69: UNID | E69: COEFICIENTE | F69: PREÇO UNITÁRIO | G69: TOTAL | H69: =VLOOKUP(A69,'[1]SINAPI ES'!$A$7:$D$12674,4,0) -> #N/A
A70: 100659 | B70: ALIZAR DE 5X1,5CM PARA PORTA FIXADO COM PREGOS, PADRÃO MÉDIO - FORNECIMENTO E INSTALAÇÃO. AF_12/2019 | C70: SINAPI | D70: M | E70: 10 | F70: =H70 -> 10.66 | G70: =ROUND(F70*E70,2) -> 106.6 | H70: =VLOOKUP(A70,'[1]SINAPI ES'!$A$7:$D$12674,4,0) -> 10.66
A71: 90806 | B71: BATENTE PARA PORTA DE MADEIRA, FIXAÇÃO COM ARGAMASSA, PADRÃO MÉDIO - FORNECIMENTO E INSTALAÇÃO. AF_12/2019 | C71: SINAPI | D71: UN | E71: 1 | F71: =H71 -> 390.01 | G71: =ROUND(F71*E71,2) -> 390.01 | H71: =VLOOKUP(A71,'[1]SINAPI ES'!$A$7:$D$12674,4,0) -> 390.01
A72: 90830 | B72: FECHADURA DE EMBUTIR COM CILINDRO, EXTERNA, COMPLETA, ACABAMENTO PADRÃO MÉDIO, INCLUSO EXECUÇÃO DE FURO - FORNECIMENTO E INSTALAÇÃO. AF_12/2019 | C72: SINAPI | D72: UN | E72: 1 | F72: =H72 -> 155.31 | G72: =ROUND(F72*E72,2) -> 155.31 | H72: =VLOOKUP(A72,'[1]SINAPI ES'!$A$7:$D$12674,4,0) -> 155.31
A73: 91298 | B73: PORTA DE MADEIRA TIPO VENEZIANA, 80X210CM, ESPESSURA DE 3CM, INCLUSO DOBRADIÇAS - FORNECIMENTO E INSTALAÇÃO. AF_12/2019 | C73: SINAPI | D73: UN | E73: 1 | F73: =H73 -> 887.28 | G73: =ROUND(F73*E73,2) -> 887.28 | H73: =VLOOKUP(A73,'[1]SINAPI ES'!$A$7:$D$12674,4,0) -> 887.28
E74: TOTAL Serviço: | G74: =SUM(G69:G73) -> 1539.2 | H74: =VLOOKUP(A74,'[1]SINAPI ES'!$A$7:$D$12674,4,0) -> #N/A
E75: VALOR: | G75: =G74 -> 1539.2 | H75: =VLOOKUP(A75,'[1]SINAPI ES'!$A$7:$D$12674,4,0) -> #N/A
H76: =VLOOKUP(A76,'[1]SINAPI ES'!$A$7:$D$12674,4,0) -> #N/A
A77: FNDE 246 PM3 - KIT DE PORTA DE MADEIRA FRISADA, SEMI-OCA (LEVE OU MÉDIA), PADRÃO MÉDIO, 80X210CM, ESPESSURA DE 3,5CM, ITENS INCLUSOS: DOBRADIÇAS, MONTAGEM E INSTALAÇÃO DE BATENTE, FECHADURA COM EXECUÇÃO DO FURO - FORNECIMENTO E INSTALAÇÃO. AF_12/2019 (UN) | H77: =VLOOKUP(A77,'[1]SINAPI ES'!$A$7:$D$12674,4,0) -> #N/A
A78: Serviço | C78: FONTE | D78: UNID | E78: COEFICIENTE | F78: PREÇO UNITÁRIO | G78: TOTAL | H78: =VLOOKUP(A78,'[1]SINAPI ES'!$A$7:$D$12674,4,0) -> #N/A
A79: 100659 | B79: ALIZAR DE 5X1,5CM PARA PORTA FIXADO COM PREGOS, PADRÃO MÉDIO - FORNECIMENTO E INSTALAÇÃO. AF_12/2019 | C79: SINAPI | D79: M | E79: 10 | F79: =H79 -> 10.66 | G79: =ROUND(F79*E79,2) -> 106.6 | H79: =VLOOKUP(A79,'[1]SINAPI ES'!$A$7:$D$12674,4,0) -> 10.66
A80: 90806 | B80: BATENTE PARA PORTA DE MADEIRA, FIXAÇÃO COM ARGAMASSA, PADRÃO MÉDIO - FORNECIMENTO E INSTALAÇÃO. AF_12/2019 | C80: SINAPI | D80: UN | E80: 1 | F80: =H80 -> 390.01 | G80: =ROUND(F80*E80,2) -> 390.01 | H80: =VLOOKUP(A80,'[1]SINAPI ES'!$A$7:$D$12674,4,0) -> 390.01
A81: 90830 | B81: FECHADURA DE EMBUTIR COM CILINDRO, EXTERNA, COMPLETA, ACABAMENTO PADRÃO MÉDIO, INCLUSO EXECUÇÃO DE FURO - FORNECIMENTO E INSTALAÇÃO. AF_12/2019 | C81: SINAPI | D81: UN | E81: 1 | F81: =H81 -> 155.31 | G81: =ROUND(F81*E81,2) -> 155.31 | H81: =VLOOKUP(A81,'[1]SINAPI ES'!$A$7:$D$12674,4,0) -> 155.31
A82: 91297 | B82: PORTA DE MADEIRA FRISADA, SEMI-OCA (LEVE OU MÉDIA), 80X210CM, ESPESSURA DE 3,5CM, INCLUSO DOBRADIÇAS - FORNECIMENTO E INSTALAÇÃO. AF_12/2019 | C82: SINAPI | D82: UN | E82: 1 | F82: =H82 -> 372.73 | G82: =ROUND(F82*E82,2) -> 372.73 | H82: =VLOOKUP(A82,'[1]SINAPI ES'!$A$7:$D$12674,4,0) -> 372.73
E83: TOTAL Serviço: | G83: =SUM(G78:G82) -> 1024.65 | H83: =VLOOKUP(A83,'[1]SINAPI ES'!$A$7:$D$12674,4,0) -> #N/A
E84: VALOR: | G84: =G83 -> 1024.65 | H84: =VLOOKUP(A84,'[1]SINAPI ES'!$A$7:$D$12674,4,0) -> #N/A
H85: =VLOOKUP(A85,'[1]SINAPI ES'!$A$7:$D$12674,4,0) -> #N/A
A86: FNDE 248 PM4 - KIT DE PORTA DE MADEIRA COM VISOR DE VIDRO, 80X210CM (ESPESSURA DE 3CM), PADRÃO POPULAR, ITENS INCLUSOS: DOBRADIÇAS, MONTAGEM E INSTALAÇÃO DE BATENTE, FECHADURA COM EXECUÇÃO DO FURO - FORNECIMENTO E INSTALAÇÃO. AF_12/2019 (UN) | H86: =VLOOKUP(A86,'[1]SINAPI ES'!$A$7:$D$12674,4,0) -> #N/A
A87: Serviço | C87: FONTE | D87: UNID | E87: COEFICIENTE | F87: PREÇO UNITÁRIO | G87: TOTAL | H87: =VLOOKUP(A87,'[1]SINAPI ES'!$A$7:$D$12674,4,0) -> #N/A
A88: 100659 | B88: ALIZAR DE 5X1,5CM PARA PORTA FIXADO COM PREGOS, PADRÃO MÉDIO - FORNECIMENTO E INSTALAÇÃO. AF_12/2019 | C88: SINAPI | D88: M | E88: 10 | F88: =H88 -> 10.66 | G88: =ROUND(F88*E88,2) -> 106.6 | H88: =VLOOKUP(A88,'[1]SINAPI ES'!$A$7:$D$12674,4,0) -> 10.66
A89: 90806 | B89: BATENTE PARA PORTA DE MADEIRA, FIXAÇÃO COM ARGAMASSA, PADRÃO MÉDIO - FORNECIMENTO E INSTALAÇÃO. AF_12/2019 | C89: SINAPI | D89: UN | E89: 1 | F89: =H89 -> 390.01 | G89: =ROUND(F89*E89,2) -> 390.01 | H89: =VLOOKUP(A89,'[1]SINAPI ES'!$A$7:$D$12674,4,0) -> 390.01
A90: 90830 | B90: FECHADURA DE EMBUTIR COM CILINDRO, EXTERNA, COMPLETA, ACABAMENTO PADRÃO MÉDIO, INCLUSO EXECUÇÃO DE FURO - FORNECIMENTO E INSTALAÇÃO. AF_12/2019 | C90: SINAPI | D90: UN | E90: 1 | F90: =H90 -> 155.31 | G90: =ROUND(F90*E90,2) -> 155.31 | H90: =VLOOKUP(A90,'[1]SINAPI ES'!$A$7:$D$12674,4,0) -> 155.31
A91: 91298 | B91: PORTA DE MADEIRA TIPO VENEZIANA, 80X210CM, ESPESSURA DE 3CM, INCLUSO DOBRADIÇAS - FORNECIMENTO E INSTALAÇÃO. AF_12/2019 | C91: SINAPI | D91: UN | E91: 1 | F91: =H91 -> 887.28 | G91: =ROUND(F91*E91,2) -> 887.28 | H91: =VLOOKUP(A91,'[1]SINAPI ES'!$A$7:$D$12674,4,0) -> 887.28
E92: TOTAL Serviço: | G92: =SUM(G87:G91) -> 1539.2 | H92: =VLOOKUP(A92,'[1]SINAPI ES'!$A$7:$D$12674,4,0) -> #N/A
E93: VALOR: | G93: =G92 -> 1539.2 | H93: =VLOOKUP(A93,'[1]SINAPI ES'!$A$7:$D$12674,4,0) -> #N/A
H94: =VLOOKUP(A94,'[1]SINAPI ES'!$A$7:$D$12674,4,0) -> #N/A
A95: FNDE 249 PM5 -PORTA EM COMPENSADO DE MADEIRA E=2cm REVESTIDA COM LAMINADO MELAMÍNICO NAS CORES: AMARELA, VERDE, LARANJA E AZUL (UN) | H95: =VLOOKUP(A95,'[1]SINAPI ES'!$A$7:$D$12674,4,0) -> #N/A
A96: Serviço | C96: FONTE | D96: UNID | E96: COEFICIENTE | F96: PREÇO UNITÁRIO | G96: TOTAL | H96: =VLOOKUP(A96,'[1]SINAPI ES'!$A$7:$D$12674,4,0) -> #N/A
A97: 100659 | B97: ALIZAR DE 5X1,5CM PARA PORTA FIXADO COM PREGOS, PADRÃO MÉDIO - FORNECIMENTO E INSTALAÇÃO. AF_12/2019 | C97: SINAPI | D97: M | E97: 9.6 | F97: =H97 -> 10.66 | G97: =ROUND(F97*E97,2) -> 102.34 | H97: =VLOOKUP(A97,'[1]SINAPI ES'!$A$7:$D$12674,4,0) -> 10.66
A98: 90806 | B98: BATENTE PARA PORTA DE MADEIRA, FIXAÇÃO COM ARGAMASSA, PADRÃO MÉDIO - FORNECIMENTO E INSTALAÇÃO. AF_12/2019 | C98: SINAPI | D98: UN | E98: 1 | F98: =H98 -> 390.01 | G98: =ROUND(F98*E98,2) -> 390.01 | H98: =VLOOKUP(A98,'[1]SINAPI ES'!$A$7:$D$12674,4,0) -> 390.01
A99: 90831 | B99: FECHADURA DE EMBUTIR PARA PORTA DE BANHEIRO, COMPLETA, ACABAMENTO PADRÃO MÉDIO, INCLUSO EXECUÇÃO DE FURO - FORNECIMENTO E INSTALAÇÃO. AF_12/2019 | C99: SINAPI | D99: UN | E99: 1 | F99: =H99 -> 135.07 | G99: =ROUND(F99*E99,2) -> 135.07 | H99: =VLOOKUP(A99,'[1]SINAPI ES'!$A$7:$D$12674,4,0) -> 135.07
A100: 91295 | B100: PORTA DE MADEIRA FRISADA, SEMI-OCA (LEVE OU MÉDIA), 60X210CM, ESPESSURA DE 3CM, INCLUSO DOBRADIÇAS - FORNECIMENTO E INSTALAÇÃO. AF_12/2019 | C100: SINAPI | D100: UN | E100: 1 | F100: =H100 -> 315.53 | G100: =ROUND(F100*E100,2) -> 315.53 | H100: =VLOOKUP(A100,'[1]SINAPI ES'!$A$7:$D$12674,4,0) -> 315.53
...

Sheet MEMÓRIA DE CÁLCULO
A1: PREFEITURA MUNICIPAL DE VARGEM ALTA ESTADO DO ESPÍRITO SANTO
A4: Obra: Construção de Creche modelo FNDE Tipo 1 - BIM - opção 110V | H4: BDI : | I4: 0.2664
A5: Local: Vila Esperança, Vargem Alta - ES
A6: MEMÓRIA DE CÁLCULO | G6: Fonte
G7: SINAPI | H7: =[1]ORÇAMENTO!H7 -> 45627 | I7: =[1]ORÇAMENTO!I7 -> COM DESONERAÇÃO
G8: SP OBRAS | H8: 193 | I8: =[1]ORÇAMENTO!I8 -> COM DESONERAÇÃO
G9: PRÓPRIA | H9: PRÓPRIA
A11: ITEM | B11: CÓDIGO | C11: DESCRIÇÃO | D11: FONTE | E11: UND | F11: QUANTIDADE | G11: CÁLCULO
A12: 1 | B12: SERVIÇOS PRELIMINARES
A13: 1.1 | B13: 103689 | C13: FORNECIMENTO E INSTALAÇÃO DE PLACA DE OBRA COM CHAPA GALVANIZADA E ESTRUTURA DE MADEIRA. AF_03/2022_PS | D13: SINAPI | E13: M2 | F13: 6.48 | G13: Quantidade: 2,00 X 3,24 = 6,48 M²
A14: 1.2 | B14: 98459 | C14: TAPUME COM TELHA METÁLICA. AF_03/2024 | D14: SINAPI | E14: M2 | F14: 501.6 | G14: Quantidade: (67,00 + 47,00) x 2,00 x 2,20 = 501,60 M²
A15: 1.3 | B15: 101509 | C15: ENTRADA DE ENERGIA ELÉTRICA, AÉREA, TRIFÁSICA, COM CAIXA DE EMBUTIR, CABO DE 10 MM2 E DISJUNTOR DIN 50A (NÃO INCLUSO O POSTE DE CONCRETO). AF_07/2020_PS | D15: SINAPI | E15: UN | F15: 1 | G15: 1,00 unidade
A16: 1.4 | B16: FNDE 03 | C16: LIGAÇÃO PROVISÓRIA DE ÁGUA E ESGOTO | D16: PRÓPRIA | E16: UN | F16: 1 | G16: 1,00 unidade
A17: 1.5 | B17: 99059 | C17: LOCAÇÃO CONVENCIONAL DE OBRA, UTILIZANDO GABARITO DE TÁBUAS CORRIDAS PONTALETADAS A CADA 2,00M - 2 UTILIZAÇÕES. AF_03/2024 | D17: SINAPI | E17: M | F17: 254 | G17: Quantitativo total de gabirito: 254,00 m
A18: 1.6 | B18: FNDE 244 | C18: ADMINISTRAÇÃO LOCAL TIPO 1 | D18: PRÓPRIA | E18: UN | F18: 1 | G18: 1,00 unidade
A19: 1.7 | B19: FNDE 231 | C19: LOCACAO DE CONTAINER 2,30 X 6,00 M, ALT. 2,50 M, COM 1 SANITARIO, PARA ESCRITORIO, COMPLETO, SEM DIVISORIAS INTERNAS (NAO INCLUI MOBILIZACAO/DESMOBILIZACAO) | D19: PRÓPRIA | E19: MÊS | F19: 10 | G19: Conforme cronograma: 10,00 meses
A20: 1.8 | B20: FNDE 230 | C20: LOCACAO DE CONTAINER 2,30 X 6,00 M, ALT. 2,50 M, PARA ESCRITORIO, SEM DIVISORIAS INTERNAS E SEM SANITARIO (NAO INCLUI MOBILIZACAO/DESMOBILIZACAO) | D20: PRÓPRIA | E20: MÊS | F20: 10 | G20: Conforme cronograma: 10,00 meses
A21: 1.9 | B21: FNDE 232 | C21: LOCACAO DE CONTAINER 2,30 X 6,00 M, ALT. 2,50 M, PARA SANITARIO, COM 4 BACIAS, 8 CHUVEIROS,1 LAVATORIO E 1 MICTORIO (NAO INCLUI MOBILIZACAO/DESMOBILIZACAO) | D21: PRÓPRIA | E21: MÊS | F21: 10 | G21: Conforme cronograma: 10,00 meses
A22: 1.10 | B22: FNDE 232 | C22: LOCACAO DE CONTAINER 2,30 X 6,00 M, ALT. 2,50 M, PARA SANITARIO, COM 4 BACIAS, 8 CHUVEIROS,1 LAVATORIO E 1 MICTORIO (NAO INCLUI MOBILIZACAO/DESMOBILIZACAO) | D22: PRÓPRIA | E22: MÊS | F22: 10 | G22: Conforme cronograma: 10,00 meses
A23: 2 | B23: =[1]ORÇAMENTO!B22 -> MOVIMENTAÇÃO DE TERRA
A24: 2.1 | B24: 98525 | C24: LIMPEZA MECANIZADA DE CAMADA VEGETAL, VEGETAÇÃO E PEQUENAS ÁRVORES (DIÂMETRO DE TRONCO MENOR QUE 0,20 M), COM TRATOR DE ESTEIRAS. AF_03/2024 | D24: SINAPI | E24: M2 | F24: 2925 | G24: Área total da creche: 65,00 x 45,00 = 2.925,00 m²
A25: 2.2 | B25: 94306 | C25: ATERRO MECANIZADO DE VALA COM ESCAVADEIRA HIDRÁULICA (CAPACIDADE DA CAÇAMBA: 0,8 M³ / POTÊNCIA: 111 HP), LARGURA ATÉ 2,5 M, PROFUNDIDADE DE 1,5 A 3,0 M, COM SOLO ARGILO-ARENOSO. AF_08/2023 | D25: SINAPI | E25: M3 | F25: 585 | G25: Aterro conforme projeto estrutural
A26: 2.3 | B26: 96521 | C26: ESCAVAÇÃO MECANIZADA PARA BLOCO DE COROAMENTO OU SAPATA COM RETROESCAVADEIRA (INCLUINDO ESCAVAÇÃO PARA COLOCAÇÃO DE FÔRMAS). AF_01/2024 | D26: SINAPI | E26: M3 | F26: 141.03 | G26: Escavação conforme projeto estrutural: (0,60 x 0,75 x 1,50 x 51) + (0,60 x 1,00 x 1,50 x 4) + (0,70 x 0,90 x 1,50 x 109) = 34,43 + 3,60 + 103,00 = 141,03 m3
A27: 2.4 | B27: 96525 | C27: ESCAVAÇÃO MECANIZADA PARA VIGA BALDRAME OU SAPATA CORRIDA COM MINI-ESCAVADEIRA (INCLUINDO ESCAVAÇÃO PARA COLOCAÇÃO DE FÔRMAS). AF_01/2024 | D27: SINAPI | E27: M3 | F27: 41.4 | G27: Escavação conforme projeto estrutural
A28: 2.5 | B28: 101617 | C28: PREPARO DE FUNDO DE VALA COM LARGURA MAIOR OU IGUAL A 1,5 M E MENOR QUE 2,5 M (ACERTO DO SOLO NATURAL). AF_08/2020 | D28: SINAPI | E28: M2 | F28: 47.9 | G28: Conforme projeto esturutral
A29: 2.6 | B29: 93381 | C29: REATERRO MECANIZADO DE VALA COM RETROESCAVADEIRA (CAPACIDADE DA CAÇAMBA DA RETRO: 0,26 M³/POTÊNCIA: 88 HP), LARGURA 0,8 A 1,5 M, PROFUNDIDADE 1,5 A 3,0 M, COM SOLO (SEM SUBSTITUIÇÃO) DE 1ª CATEGORIA E COMPACTADOR DE SOLOS DE PERCUSSÃO. AF_08/2023 | D29: SINAPI | E29: M3 | F29: 105.23 | G29: Reaterro conforme projeto estrutural: 141,03 - 35,80 = 105,23 m3
A30: 2.7 | B30: 94316 | C30: ATERRO MECANIZADO DE VALA COM RETROESCAVADEIRA (CAPACIDADE DA CAÇAMBA DA RETRO: 0,26 M³ / POTÊNCIA: 88 HP), LARGURA ATÉ 1,5 M, PROFUNDIDADE ATÉ 1,5 M, COM SOLO ARGILO-ARENOSO. AF_08/2023 | D30: SINAPI | E30: M3 | F30: 247.36 | G30: Aterro conforme projeto estrutural
A31: 3 | B31: FUNDAÇÕES
A32: 3.1 | B32: CONCRETO ARMADO PARA SAPATAS
A33: 3.1.1 | B33: 96619 | C33: LASTRO DE CONCRETO MAGRO, APLICADO EM BLOCOS DE COROAMENTO OU SAPATAS, ESPESSURA DE 5 CM. AF_01/2024 | D33: SINAPI | E33: M2 | F33: 94.02 | G33: Conforme projeto esturutral: (0,60 x 0,75 x 51) + (0,60 x 1,00 x 4) + (0,70 x 0,90 x 109) = 22,95 + 2,40 + 68,67 = 94,02 m2
A34: 3.1.2 | B34: 96558 | C34: CONCRETAGEM DE SAPATA, FCK 30 MPA, COM USO DE BOMBA - LANÇAMENTO, ADENSAMENTO E ACABAMENTO. AF_01/2024 | D34: SINAPI | E34: M3 | F34: 32.55 | G34: Conforme projeto esturutral: 35,80 - 10% (Já contemplado no item do sinapi) = 32,55 m3
A35: 3.1.3 | B35: 96534 | C35: FABRICAÇÃO, MONTAGEM E DESMONTAGEM DE FÔRMA PARA BLOCO DE COROAMENTO, EM MADEIRA SERRADA, E=25 MM, 4 UTILIZAÇÕES. AF_01/2024 | D35: SINAPI | E35: M2 | F35: 333.06 | G35: Conforme projeto esturutral: 366,36 - 10% (Já contemplado no item do sinapi) = 333,06 m2
A36: 3.1.4 | B36: 104919 | C36: ARMAÇÃO DE SAPATA ISOLADA, VIGA BALDRAME E SAPATA CORRIDA UTILIZANDO AÇO CA-50 DE 10 MM - MONTAGEM. AF_01/2024 | D36: SINAPI | E36: KG | F36: 887.28 | G36: Conforme projeto esturutral: 976,00 - 10% (Já contemplado no item do sinapi) = 887,28 kg
A37: 3.1.5 | B37: 92915 | C37: ARMAÇÃO DE SAPATA ISOLADA, VIGA BALDRAME E SAPATA CORRIDA UTILIZANDO AÇO CA-50 DE 6,3 MM - MONTAGEM. AF_01/2024 | D37: SINAPI | E37: KG | F37: 977.55 | G37: Conforme projeto esturutral: 1.075,30 - 10% (Já contemplado no item do sinapi) = 977,55 kg
A38: 3.1.6 | B38: 104920 | C38: ARMAÇÃO DE BLOCO, SAPATA ISOLADA, VIGA BALDRAME E SAPATA CORRIDA UTILIZANDO AÇO CA-50 DE 12,5 MM - MONTAGEM. AF_01/2024 | D38: SINAPI | E38: KG | F38: 40.28 | G38: Conforme projeto esturutral: 44,30 - 10% (Já contemplado no item do sinapi) = 40,28 kg
A39: 4 | B39: SUPERESTRUTURA
A40: 4.1 | B40: CONCRETO ARMADO - PILARES
A41: 4.1.1 | B41: 92443 | C41: MONTAGEM E DESMONTAGEM DE FÔRMA DE PILARES RETANGULARES E ESTRUTURAS SIMILARES, PÉ-DIREITO SIMPLES, EM CHAPA DE MADEIRA COMPENSADA PLASTIFICADA, 18 UTILIZAÇÕES. AF_09/2020 | D41: SINAPI | E41: M2 | F41: 605.94 | G41: Conforme projeto esturutral
A42: 4.1.2 | B42: 92762 | C42: ARMAÇÃO DE PILAR OU VIGA DE ESTRUTURA CONVENCIONAL DE CONCRETO ARMADO UTILIZANDO AÇO CA-50 DE 10,0 MM - MONTAGEM. AF_06/2022 | D42: SINAPI | E42: KG | F42: 1560.82 | G42: Conforme projeto esturutral
A43: 4.1.3 | B43: 92763 | C43: ARMAÇÃO DE PILAR OU VIGA DE ESTRUTURA CONVENCIONAL DE CONCRETO ARMADO UTILIZANDO AÇO CA-50 DE 12,5 MM - MONTAGEM. AF_06/2022 | D43: SINAPI | E43: KG | F43: 46.94 | G43: Conforme projeto esturutral
A44: 4.1.4 | B44: 92759 | C44: ARMAÇÃO DE PILAR OU VIGA DE ESTRUTURA CONVENCIONAL DE CONCRETO ARMADO UTILIZANDO AÇO CA-60 DE 5,0 MM - MONTAGEM. AF_06/2022 | D44: SINAPI | E44: KG | F44: 880.4 | G44: Conforme projeto esturutral
A45: 4.1.5 | B45: 103672 | C45: CONCRETAGEM DE PILARES, FCK = 25 MPA, COM USO DE BOMBA - LANÇAMENTO, ADENSAMENTO E ACABAMENTO. AF_02/2022_PS | D45: SINAPI | E45: M3 | F45: 29.76 | G45: Conforme projeto esturutral
A46: 4.2 | B46: CONCRETO ARMADO - VIGAS INCLUINDO BALDRAME
A47: 4.2.1 | B47: 96619 | C47: LASTRO DE CONCRETO MAGRO, APLICADO EM BLOCOS DE COROAMENTO OU SAPATAS, ESPESSURA DE 5 CM. AF_01/2024 | D47: SINAPI | E47: M2 | F47: 191 | G47: Conforme projeto esturutral
A48: 4.2.2 | B48: 92443 | C48: MONTAGEM E DESMONTAGEM DE FÔRMA DE PILARES RETANGULARES E ESTRUTURAS SIMILARES, PÉ-DIREITO SIMPLES, EM CHAPA DE MADEIRA COMPENSADA PLASTIFICADA, 18 UTILIZAÇÕES. AF_09/2020 | D48: SINAPI | E48: M2 | F48: 1673.1 | G48: Conforme projeto esturutral
A49: 4.2.3 | B49: 92760 | C49: ARMAÇÃO DE PILAR OU VIGA DE ESTRUTURA CONVENCIONAL DE CONCRETO ARMADO UTILIZANDO AÇO CA-50 DE 6,3 MM - MONTAGEM. AF_06/2022 | D49: SINAPI | E49: KG | F49: 23.7 | G49: Conforme projeto esturutral
A50: 4.2.4 | B50: 92761 | C50: ARMAÇÃO DE PILAR OU VIGA DE ESTRUTURA CONVENCIONAL DE CONCRETO ARMADO UTILIZANDO AÇO CA-50 DE 8,0 MM - MONTAGEM. AF_06/2022 | D50: SINAPI | E50: KG | F50: 2752.7 | G50: Conforme projeto esturutral
A51: 4.2.5 | B51: 92762 | C51: ARMAÇÃO DE PILAR OU VIGA DE ESTRUTURA CONVENCIONAL DE CONCRETO ARMADO UTILIZANDO AÇO CA-50 DE 10,0 MM - MONTAGEM. AF_06/2022 | D51: SINAPI | E51: KG | F51: 573.7 | G51: Conforme projeto esturutral
A52: 4.2.6 | B52: 92763 | C52: ARMAÇÃO DE PILAR OU VIGA DE ESTRUTURA CONVENCIONAL DE CONCRETO ARMADO UTILIZANDO AÇO CA-50 DE 12,5 MM - MONTAGEM. AF_06/2022 | D52: SINAPI | E52: KG | F52: 876.4 | G52: Conforme projeto esturutral
A53: 4.2.7 | B53: 92764 | C53: ARMAÇÃO DE PILAR OU VIGA DE ESTRUTURA CONVENCIONAL DE CONCRETO ARMADO UTILIZANDO AÇO CA-50 DE 16,0 MM - MONTAGEM. AF_06/2022 | D53: SINAPI | E53: KG | F53: 385.1 | G53: Conforme projeto esturutral
A54: 4.2.8 | B54: 92765 | C54: ARMAÇÃO DE PILAR OU VIGA DE ESTRUTURA CONVENCIONAL DE CONCRETO ARMADO UTILIZANDO AÇO CA-50 DE 20,0 MM - MONTAGEM. AF_06/2022 | D54: SINAPI | E54: KG | F54: 122.6 | G54: Conforme projeto esturutral
A55: 4.2.9 | B55: 92759 | C55: ARMAÇÃO DE PILAR OU VIGA DE ESTRUTURA CONVENCIONAL DE CONCRETO ARMADO UTILIZANDO AÇO CA-60 DE 5,0 MM - MONTAGEM. AF_06/2022 | D55: SINAPI | E55: KG | F55: 1746.5 | G55: Conforme projeto esturutral
A56: 4.2.10 | B56: 103675 | C56: CONCRETAGEM DE VIGAS E LAJES, FCK=25 MPA, PARA LAJES MACIÇAS OU NERVURADAS COM USO DE BOMBA - LANÇAMENTO, ADENSAMENTO E ACABAMENTO. AF_02/2022_PS | D56: SINAPI | E56: M3 | F56: 108.4 | G56: Conforme projeto esturutral
A57: 4.3 | B57: CONCRETO ARMADO PARA VERGAS
A58: 4.3.1 | B58: 93184 | C58: VERGA PRÉ-MOLDADA COM ATÉ 1,5 M DE VÃO, ESPESSURA DE *20* CM. AF_03/2024 | D58: SINAPI | E58: M | F58: 43.7 | G58: Conforme projeto esturutral
A59: 4.3.2 | B59: 93185 | C59: VERGA PRÉ-MOLDADA PARA PORTAS COM MAIS DE 1,5 M DE VÃO. AF_03/2016 | D59: SINAPI | E59: M | F59: 8.9 | G59: Conforme projeto esturutral
A60: 4.3.3 | B60: 93183 | C60: VERGA PRÉ-MOLDADA PARA JANELAS COM MAIS DE 1,5 M DE VÃO. AF_03/2016 | D60: SINAPI | E60: M | F60: 9.4 | G60: Conforme projeto esturutral
A61: 4.3.4 | B61: 93182 | C61: VERGA PRÉ-MOLDADA PARA JANELAS COM ATÉ 1,5 M DE VÃO. AF_03/2016 | D61: SINAPI | E61: M | F61: 7 | G61: Conforme projeto esturutral
A62: 4.3.5 | B62: 93195 | C62: CONTRAVERGA PRÉ-MOLDADA PARA VÃOS DE MAIS DE 1,5 M DE COMPRIMENTO. AF_03/2016 | D62: SINAPI | E62: M | F62: 122.7 | G62: Conforme projeto esturutral
A63: 4.3.6 | B63: 93194 | C63: CONTRAVERGA PRÉ-MOLDADA, ESPESSURA DE *20* CM. AF_03/2024 | D63: SINAPI | E63: M | F63: 16.6 | G63: Conforme projeto esturutral
A64: 4.4 | B64: CONCRETO ARMADO - LAJE
A65: 4.4.1 | B65: 92514 | C65: MONTAGEM E DESMONTAGEM DE FÔRMA DE LAJE MACIÇA, PÉ-DIREITO SIMPLES, EM CHAPA DE MADEIRA COMPENSADA RESINADA, 4 UTILIZAÇÕES. AF_09/2020 | D65: SINAPI | E65: M2 | F65: 37.8 | G65: Conforme projeto esturutral
A66: 4.4.2 | B66: 92769 | C66: ARMAÇÃO DE LAJE DE ESTRUTURA CONVENCIONAL DE CONCRETO ARMADO UTILIZANDO AÇO CA-50 DE 6,3 MM - MONTAGEM. AF_06/2022 | D66: SINAPI | E66: KG | F66: 13.8 | G66: Conforme projeto esturutral
A67: 4.4.3 | B67: 92770 | C67: ARMAÇÃO DE LAJE DE ESTRUTURA CONVENCIONAL DE CONCRETO ARMADO UTILIZANDO AÇO CA-50 DE 8,0 MM - MONTAGEM. AF_06/2022 | D67: SINAPI | E67: KG | F67: 49.3 | G67: Conforme projeto esturutral
A68: 4.4.4 | B68: 92773 | C68: ARMAÇÃO DE LAJE DE ESTRUTURA CONVENCIONAL DE CONCRETO ARMADO UTILIZANDO AÇO CA-50 DE 16,0 MM - MONTAGEM. AF_06/2022 | D68: SINAPI | E68: KG | F68: 453.1 | G68: Conforme projeto esturutral
A69: 4.4.5 | B69: 92774 | C69: ARMAÇÃO DE LAJE DE ESTRUTURA CONVENCIONAL DE CONCRETO ARMADO UTILIZANDO AÇO CA-50 DE 20,0 MM - MONTAGEM. AF_06/2022 | D69: SINAPI | E69: KG | F69: 3.5 | G69: Conforme projeto esturutral
A70: 4.4.6 | B70: 92768 | C70: ARMAÇÃO DE LAJE DE ESTRUTURA CONVENCIONAL DE CONCRETO ARMADO UTILIZANDO AÇO CA-60 DE 5,0 MM - MONTAGEM. AF_06/2022 | D70: SINAPI | E70: KG | F70: 0.2 | G70: Conforme projeto esturutral
A71: 4.4.7 | B71: 103675 | C71: CONCRETAGEM DE VIGAS E LAJES, FCK=25 MPA, PARA LAJES MACIÇAS OU NERVURADAS COM USO DE BOMBA - LANÇAMENTO, ADENSAMENTO E ACABAMENTO. AF_02/2022_PS | D71: SINAPI | E71: M3 | F71: 7.1 | G71: Conforme projeto esturutral
A72: 4.5 | B72: ESTRUTURA METÁLICA
A73: 4.5.1 | B73: 100775 | C73: ESTRUTURA TRELIÇADA DE COBERTURA, TIPO FINK, COM LIGAÇÕES SOLDADAS, INCLUSOS PERFIS METÁLICOS, CHAPAS METÁLICAS, MÃO DE OBRA E TRANSPORTE COM GUINDASTE - FORNECIMENTO E INSTALAÇÃO. AF_01/2020_PSA | D73: SINAPI | E73: KG | F73: 19006 | G73: Conforme projeto de estrutura metálica
A74: 4.6 | B74: PISO DE CONCRETO
A75: 4.6.1 | B75: PAVIMENTAÇÃO INTERNA DE PISO DE CONCRETO 8 CM
A76: 4.6.1.1 | B76: 97083 | C76: COMPACTAÇÃO MECÂNICA DE SOLO PARA EXECUÇÃO DE RADIER, PISO DE CONCRETO OU LAJE SOBRE SOLO, COM COMPACTADOR DE SOLOS A PERCUSSÃO. AF_09/2021 | D76: SINAPI | E76: M2 | F76: 1394.71 | G76: Conforme projeto Arquitetônico
A77: 4.6.1.2 | B77: 96622 | C77: LASTRO COM MATERIAL GRANULAR, APLICADO EM PISOS OU LAJES SOBRE SOLO, ESPESSURA DE *5 CM*. AF_01/2024 | D77: SINAPI | E77: M3 | F77: 69.74 | G77: Conforme projeto Arquitetônico
A78: 4.6.1.3 | B78: 97087 | C78: CAMADA SEPARADORA PARA EXECUÇÃO DE RADIER, PISO DE CONCRETO OU LAJE SOBRE SOLO, EM LONA PLÁSTICA. AF_09/2021 | D78: SINAPI | E78: M2 | F78: 1394.71 | G78: Conforme projeto Arquitetônico
A79: 4.6.1.4 | B79: 94991 | C79: EXECUÇÃO DE PASSEIO (CALÇADA) OU PISO DE CONCRETO COM CONCRETO MOLDADO IN LOCO, USINADO C20, ACABAMENTO CONVENCIONAL, NÃO ARMADO. AF_08/2022 | D79: SINAPI | E79: M3 | F79: 111.58 | G79: Conforme projeto Arquitetônico
A80: 4.6.2 | B80: PAVIMENTAÇÃO EXTERNA - CALÇADA DE PISO DE CONCRETO 7 CM
A81: 4.6.2.1 | B81: 97083 | C81: COMPACTAÇÃO MECÂNICA DE SOLO PARA EXECUÇÃO DE RADIER, PISO DE CONCRETO OU LAJE SOBRE SOLO, COM COMPACTADOR DE SOLOS A PERCUSSÃO. AF_09/2021 | D81: SINAPI | E81: M2 | F81: 490.26 | G81: Conforme projeto Arquitetônico
A82: 4.6.2.2 | B82: 96622 | C82: LASTRO COM MATERIAL GRANULAR, APLICADO EM PISOS OU LAJES SOBRE SOLO, ESPESSURA DE *5 CM*. AF_01/2024 | D82: SINAPI | E82: M3 | F82: 24.51 | G82: Conforme projeto Arquitetônico
A83: 4.6.2.3 | B83: 97087 | C83: CAMADA SEPARADORA PARA EXECUÇÃO DE RADIER, PISO DE CONCRETO OU LAJE SOBRE SOLO, EM LONA PLÁSTICA. AF_09/2021 | D83: SINAPI | E83: M2 | F83: 490.26 | G83: Conforme projeto Arquitetônico
A84: 4.6.2.4 | B84: 94991 | C84: EXECUÇÃO DE PASSEIO (CALÇADA) OU PISO DE CONCRETO COM CONCRETO MOLDADO IN LOCO, USINADO C20, ACABAMENTO CONVENCIONAL, NÃO ARMADO. AF_08/2022 | D84: SINAPI | E84: M3 | F84: 39.22 | G84: Conforme projeto Arquitetônico
A85: 5 | B85: SISTEMA DE VEDAÇÃO VERTICAL
A86: 5.1 | B86: ELEMENTOS VAZADOS
A87: 5.1.1 | B87: 101161 | C87: ALVENARIA DE VEDAÇÃO COM ELEMENTO VAZADO DE CONCRETO (COBOGÓ) DE 7X50X50CM E ARGAMASSA DE ASSENTAMENTO COM PREPARO EM BETONEIRA. AF_05/2020 | D87: SINAPI | E87: M2 | F87: 4.8 | G87: Conforme projeto Arquitetônico
A88: 5.2 | B88: ALVENARIA DE VEDAÇÃO
A89: 5.2.1 | B89: 103324 | C89: ALVENARIA DE VEDAÇÃO DE BLOCOS CERÂMICOS FURADOS NA VERTICAL DE 14X19X39 CM (ESPESSURA 14 CM) E ARGAMASSA DE ASSENTAMENTO COM PREPARO EM BETONEIRA. AF_12/2021 | D89: SINAPI | E89: M2 | F89: 778.74 | G89: Conforme projeto Arquitetônico
A90: 5.2.2 | B90: 103322 | C90: ALVENARIA DE VEDAÇÃO DE BLOCOS CERÂMICOS FURADOS NA VERTICAL DE 9X19X39 CM (ESPESSURA 9 CM) E ARGAMASSA DE ASSENTAMENTO COM PREPARO EM BETONEIRA. AF_12/2021 | D90: SINAPI | E90: M2 | F90: 931.08 | G90: Conforme projeto Arquitetônico
A91: 5.2.3 | B91: 103328 | C91: ALVENARIA DE VEDAÇÃO DE BLOCOS CERÂMICOS FURADOS NA HORIZONTAL DE 9X19X19 CM (ESPESSURA 9 CM) E ARGAMASSA DE ASSENTAMENTO COM PREPARO EM BETONEIRA. AF_12/2021 | D91: SINAPI | E91: M2 | F91: 17.16 | G91: Conforme projeto Arquitetônico
A92: 5.2.4 | B92: 93201 | C92: FIXAÇÃO (ENCUNHAMENTO) DE ALVENARIA DE VEDAÇÃO COM ARGAMASSA APLICADA COM COLHER. AF_03/2016 | D92: SINAPI | E92: M | F92: 636.52 | G92: Conforme projeto Arquitetônico
A93: 5.2.5 | B93: 101159 | C93: ALVENARIA DE VEDAÇÃO DE BLOCOS CERÂMICOS MACIÇOS DE 5X10X20CM (ESPESSURA 10CM) E ARGAMASSA DE ASSENTAMENTO COM PREPARO EM BETONEIRA. AF_05/2020 | D93: SINAPI | E93: M2 | F93: 14.71 | G93: Conforme projeto Arquitetônico
A94: 5.2.6 | B94: 103318 | C94: ALVENARIA DE VEDAÇÃO DE BLOCOS VAZADOS DE CONCRETO DE 14X19X39 CM (ESPESSURA 14 CM) E ARGAMASSA DE ASSENTAMENTO COM PREPARO EM BETONEIRA. AF_12/2021 | D94: SINAPI | E94: M2 | F94: 9.53 | G94: Conforme projeto Arquitetônico
A95: 5.3 | B95: DIVISÓRIAS
A96: 5.3.1 | B96: 102253 | C96: DIVISORIA SANITÁRIA, TIPO CABINE, EM GRANITO CINZA POLIDO, ESP = 3CM, ASSENTADO COM ARGAMASSA COLANTE AC III-E, EXCLUSIVE FERRAGENS. AF_01/2021 | D96: SINAPI | E96: M2 | F96: 14.36 | G96: Conforme projeto Arquitetônico
A97: 5.3.2 | B97: 102181 | C97: INSTALAÇÃO DE BOX DE VIDRO TEMPERADO, E = 10 MM, ENCAIXADO EM PERFIL U. AF_01/2021_PS | D97: SINAPI | E97: M2 | F97: 5.94 | G97: Conforme projeto Arquitetônico
A98: 5.3.3 | B98: 102235 | C98: DIVISÓRIA FIXA EM VIDRO TEMPERADO 10 MM, SEM ABERTURA. AF_01/2021_PS | D98: SINAPI | E98: M2 | F98: 5.38 | G98: Conforme projeto Arquitetônico
A99: 6 | B99: ESQUADRIAS
A100: 6.1 | B100: PORTAS DE MADEIRA
A101: 6.1.1 | B101: FNDE 243 | C101: PM1 - KIT DE PORTA DE MADEIRA FRISADA, SEMI-OCA (LEVE OU MÉDIA), PADRÃO MÉDIO, 80X210CM, ESPESSURA DE 3,5CM, ITENS INCLUSOS: DOBRADIÇAS, MONTAGEM E INSTALAÇÃO DE BATENTE, FECHADURA COM EXECUÇÃO DO FURO - FORNECIMENTO E INSTALAÇÃO | D101: PRÓPRIA | E101: UN | F101: 17 | G101: Conforme projeto Arquitetônico
A102: 6.1.2 | B102: FNDE 247 | C102: PM 2 - KIT DE PORTA DE MADEIRA COM VENEZIANA, 80X210CM (ESPESSURA DE 3CM), PADRÃO MÉDIO, ITENS INCLUSOS: DOBRADIÇAS, MONTAGEM E INSTALAÇÃO DE BATENTE, FECHADURA COM EXECUÇÃO DO FURO - FORNECIMENTO E INSTALAÇÃO | D102: PRÓPRIA | E102: UN | F102: 2 | G102: Conforme projeto Arquitetônico
A103: 6.1.3 | B103: FNDE 246 | C103: PM3 - KIT DE PORTA DE MADEIRA FRISADA, SEMI-OCA (LEVE OU MÉDIA), PADRÃO MÉDIO, 80X210CM, ESPESSURA DE 3,5CM, ITENS INCLUSOS: DOBRADIÇAS, MONTAGEM E INSTALAÇÃO DE BATENTE, FECHADURA COM EXECUÇÃO DO FURO - FORNECIMENTO E INSTALAÇÃO. AF_12/2019 | D103: PRÓPRIA | E103: UN | F103: 4 | G103: Conforme projeto Arquitetônico
...

Sheet BDI (26,64%)
A1: DETALHAMENTO DO BDI
A3: PROPONENTE: | B3: =[2]ORÇAMENTO!A1 -> PREFEITURA MUNICIPAL DE VARGEM ALTA
A4: OBRA: | B4: Construção de Creche modelo FNDE Tipo 1 - BIM - opção 110V
A5: LOCAL: | B5: Vila Esperança, Vargem Alta - ES
A7: 1. Regime de Contribuição Previdenciária
B9: Com Desoneração
A11: 2. Tipo de Intervenção
B13: Edificações
A15: 3. Incidências sobre o custo
B17: Administração Central - AC | C17: 4 | D17: %
B18: Riscos - R | C18: 1.5 | D18: %
B19: Seguros e Garantias Contratuais - S+G | C19: 1.5 | D19: %
B20: Despesas e Encargos Financeiros - DF | C20: 1.5 | D20: %
B22: Lucro - L | C22: 5 | D22: %
A24: 4 – Incidências sobre o preço de venda
B26: Despesas Tributárias - I | C26: =C34+C33+C32+C30 -> 9.95 | D26: %
B28: Percentual da base de cálculo para o ISS: | C28: 60 | D28: %
B29: Alíquota do ISS (sobre a base de cálculo): | C29: 3 | D29: % | F29: 34.425
B30: Alíquota Efetivado do ISS: | C30: 1.8 | D30: %
B32: COFINS | C32: 3 | D32: %
B33: PIS | C33: 0.65 | D33: %
B34: INSS | C34: 4.5 | D34: %
A36: 5 – Demonstrativo de cálculo do BDI
B38: BDI= (1+(AC+S+R+G))(1+DF)(1+L)) -1 = | C38: =ROUND((((1+($C$17/100)+($C$19/100)+($C$18/100))*(1+($C$20/100))*(1+($C$22/100)))/(1-$C$26/100)-1),4) -> 0.2664 | E38: =[3]Auxiliar!A17 -> Atende
B39: ( 1- I )
A41: Declaro para os devidos fins que, conforme legislação tributária municipal, a base de cálculo
A42: =CONCATENATE("do ISS para ", B13," é de ",C28," %",", com a respectiva alíquota de ",C29," %") -> do ISS para Edificações é de 60 %, com a respectiva alíquota de 3 %
A44: Declaro para os devidos fins que o regime de Contribuição Previdenciária adotado para
A45: =CONCATENATE("elaboração do orçamento foi ",B9,", e que esta é a alternativa mais adequada para ") -> elaboração do orçamento foi Com Desoneração, e que esta é a alternativa mais adequada para
A46: a Administração Pública.
A47: =[4]ORÇAMENTO!A727 -> Vargem Alta - ES, 06 de março de 2025
A51: Eng./Arq. | B51: =[4]ORÇAMENTO!E732 -> Luis Fernando A. M. Ramos
A52: CREA/CAU: | B52: =[4]ORÇAMENTO!E733 -> CREA ES 0048933/D
A55: Nome | B55: ELIESER RABELLO
A56: Cargo | B56: PREFEITO MUNICIPAL
